 Dungeon Crawl Stone Soup version 0.29-a0-474-gdfe5cd140f (webtiles) character file.

Game seed: 17844886008316257486

204258 Sobieck the Imperceptible (level 18, -17/94 HPs)
             Began as a Vine Stalker Fighter on May 23, 2022.
             Was the Champion of Hepliaklqana.
             Shot with an arrow by a deep elf archer (24 damage)
             ... on level 3 of the Elven Halls.
             The game lasted 01:34:58 (32023 turns).

Sobieck the Imperceptible (Vine Stalker Fighter)   Turns: 32023, Time: 01:34:59

Health: -17/94     AC: 12    Str: 21    XL:     18   Next: 64%
Magic:  0/40       EV: 19    Int:  8    God:    Hepliaklqana [******]
Gold:   4664       SH: 22    Dex: 24    Spells: 33/33 levels left

rFire   + + +      SeeInvis .   a - +7 quick blade (venom) {shortrare=g}
rCold   + . .      Faith    .   E - +2 kite shield {rF+}
rNeg    + + +      Spirit   +   w - +1 leather armour of Impaji {Drain +Blink rElec rN+++}
rPois   +          Reflect  +   R - +2 hat of the Bear Spirit {Spirit, *Rage Will++}
rElec   +          Harm     .   s - scarf {rC+ rF+}
rCorr   .          Rampage  .   S - +1 pair of gloves "Yhobaowo" {Fly rF+ Dex+2}
Will    ++++.      Rage     20% v - +2 pair of boots {Stlth+}
Stlth   +++++++++.              y - amulet of reflection
HPRegen 1.05/turn               A - +4 ring of slaying
MPRegen 0.27/turn               T - ring of the Butterfly {rPois MP+9 Str+2}

@: on berserk cooldown, flying, slowed, very slow
A: reduced essence, fangs 3, regeneration 1, magic shield, antimagic bite, no
potion heal 2
}: 1/15 runes: gossamer
a: Renounce Religion, Evoke Blink, Recall Ancestor, Ancestor Identity,
Transference, Idealise


You were on level 3 of the Elven Halls.
You worshipped Hepliaklqana.
Hepliaklqana was exalted by your worship.
You visited 6 branches of the dungeon, and saw 31 of its levels.
You also visited: Gauntlet and Volcano.

You collected 5274 gold pieces.
You spent 610 gold pieces at shops.


Innate Abilities, Weirdness & Mutations

Your life essence is reduced to manifest your ancestor. (-10% HP)
You have razor-sharp teeth.
Your natural rate of healing is unusually fast.
When hurt, damage is shared between your health and your magic reserves.
Your bite disrupts and absorbs the magic of your enemies.
Potions cannot restore your health.


   Skills:
 - Level 16.0 Fighting
 - Level 7.3 Short Blades
 - Level 8.0 Armour
 - Level 10.0 Dodging
 - Level 21.0 Stealth
 - Level 15.0 Shields
 + Level 8.2 Spellcasting
 - Level 9.0 Invocations


You had 33 spell levels left.
You didn't know any spells.
Your spell library contained the following spells:

 Spells                   Type           Power      Damage    Failure   Level
 Apportation              Tloc           6%         N/A       36%         1
 Beastly Appendage        Tmut           6%         N/A       36%         1
 Sandblast                Erth           6%         2d5       36%         1
 Summon Small Mammal      Summ           12%        N/A       36%         1
 Passwall                 Tmut/Erth      2%         N/A       50%         2
 Poisonous Vapours        Pois/Air       6%         N/A       50%         2
 Static Discharge         Conj/Air       3%         N/A       50%         2
 Call Canine Familiar     Summ           3%         N/A       75%         3
 Conjure Flame            Conj/Fire      3%         6-21      75%         3
 Ignite Poison            Fire/Tmut/Pois 3%         N/A       75%         3
 Inner Flame              Hex/Fire       3%         N/A       75%         3
 Portal Projectile        Hex/Tloc       6%         N/A       75%         3
 Spider Form              Tmut/Pois      3%         N/A       75%         3
 Stone Arrow              Conj/Erth      6%         3d7       75%         3
 Tukima's Dance           Hex            3%         N/A       75%         3
 Anguish                  Hex/Necr       1%         N/A       98%         4
 Animate Dead             Necr           3%         N/A       98%         4
 Cause Fear               Hex            1%         N/A       98%         4
 Corpse Rot               Necr/Pois/Air  3%         N/A       98%         4
 Dispel Undead            Necr           3%         3d7       98%         4
 Fulminant Prism          Conj/Hex       1%         3d6       98%         4
 Hailstorm                Conj/Ice       3%         3d3       98%         4
 Iskenderun's Mystic Bla  Conj/Tloc      3%         2d3       98%         4
 Petrify                  Tmut/Erth      3%         N/A       98%         4
 Sticky Flame             Conj/Fire      3%         2d3       98%         4
 Summon Lightning Spire   Summ/Air       3%         N/A       98%         4
 Alistair's Intoxication  Tmut/Pois      2%         N/A       100%        5
 Blade Hands              Tmut           1%         N/A       100%        5
 Borgnjor's Vile Clutch   Necr/Erth      1%         N/A       100%        5
 Fireball                 Conj/Fire      1%         3d3       100%        5
 Irradiate                Conj/Tmut      1%         3d13      100%        5
 Lee's Rapid Deconstruct  Erth           1%         3d5*      100%        5
 Summon Forest            Summ/Tloc      1%         N/A       100%        5
 Summon Mana Viper        Hex/Summ       3%         N/A       100%        5
 Yara's Violent Unravell  Hex/Tmut       1%         3d3       100%        5
 Death Channel            Necr           1%         N/A       100%        6
 Eringya's Noxious Bog    Tmut/Pois      1%         N/A       100%        6
 Starburst                Conj/Fire      1%         6d3       100%        6
 Summon Cactus Giant      Summ           1%         N/A       100%        6
 Dragon Form              Tmut           1%         N/A       100%        7
 Enfeeble                 Hex            1%         N/A       100%        7
 Summon Hydra             Summ           1%         N/A       100%        7
 Discord                  Hex            1%         N/A       100%        8
 Ignition                 Fire           1%         3d3       100%        8
 Chain Lightning          Conj/Air       1%         3d2       100%        9
 Fire Storm               Conj/Fire      1%         8d1       100%        9
 Shatter                  Erth           1%         3d6*      100%        9

Inventory:

Hand Weapons
 a - a +7 quick blade of venom (weapon) {shortrare=g}
   (You acquired it on level 7 of the Dungeon)
Missiles
 i - 14 javelins {throwing}
 j - 11 curare-tipped darts {=fthrowing}
 l - 4 throwing nets {=f!fthrowing}
 r - 24 poisoned darts (quivered) {throwing}
 B - 11 silver javelins {throwing}
 Z - 11 atropa-tipped darts {throwing}
Armour
 s - a scarf of resistance (worn)
   (You found it on level 2 of the Dungeon)
 v - a +2 pair of boots of stealth (worn)
   (You found it on level 1 of the Lair of Beasts)
 w - the +1 leather armour of Impaji (worn) {Drain +Blink rElec rN+++}
   (You found it on level 6 of the Lair of Beasts)

   rElec:     It insulates you from electricity.
   rN:        It renders you almost immune to negative energy.
   +Blink:    It lets you blink.
   Drain:     It drains your maximum health when unequipped.
 E - a +2 kite shield of fire resistance (worn)
   (You took it off a tengu warrior on level 15 of the Dungeon)
 R - the +2 hat of the Bear Spirit (worn) {Spirit, *Rage Will++}
   (You found it on level 15 of the Dungeon)

   Going berserk makes the wearer tougher, and they're slowed less afterward.
   *Rage:     It berserks you when you make melee attacks (+20% chance).
   Will:      It greatly increases your willpower.
 S - the +1 pair of gloves "Yhobaowo" (worn) {Fly rF+ Dex+2}
   (You found it on level 14 of the Dungeon)

   Dex:       It affects your dexterity (+2).
   rF:        It protects you from fire.
   Fly:       It grants you flight.
Magical Staves
 b - a staff of poison {!astaff}
   (You found it on level 4 of the Spider Nest)
Jewellery
 g - a ring of protection from fire
   (You found it on level 13 of the Dungeon)
 y - an amulet of reflection (around neck)
   (You found it on level 3 of the Lair of Beasts)
 A - a +4 ring of slaying (left hand)
   (You took it off a hobgoblin on level 10 of the Dungeon)
 F - a ring of see invisible
   (You took it off a minotaur in a Gauntlet)
 Q - a ring of protection from fire
   (You found it on level 5 of the Lair of Beasts)
 T - the ring of the Butterfly (right hand) {rPois MP+9 Str+2}
   (You found it on level 6 of the Lair of Beasts)

   [ring of poison resistance]

   Str:       It affects your strength (+2).
   rPois:     It protects you from poison.
   MP:        It affects your magic capacity (+9).
Wands
 e - a wand of iceblast (28)
   (You took it off Maurice on level 10 of the Dungeon)
 k - a wand of acid (11)
   (You found it on level 8 of the Dungeon)
 o - a wand of mindburst (11)
   (You found it on level 15 of the Dungeon)
 M - a wand of digging (9)
   (You found it on level 3 of the Lair of Beasts)
Scrolls
 f - 2 scrolls of fear
 n - 2 scrolls of silence {!r}
 q - 4 scrolls of vulnerability {!r!r}
 t - 6 scrolls of poison
 z - 5 scrolls of magic mapping {!r}
 L - 16 scrolls of identify {@r1}
 N - 6 scrolls of teleportation {@r4}
 O - 3 scrolls of fog
 U - a scroll of blinking {!r}
 X - 6 scrolls of immolation {!r!r}
Potions
 c - 2 potions of flight
 d - 6 potions of might
 h - 10 potions of mutation {!q}
 m - 4 potions of resistance
 p - 8 potions of ambrosia
 u - 4 potions of haste {@q3}
 x - 11 potions of brilliance
 D - a potion of heal wounds {@q2}
 H - 2 potions of magic
 I - 8 potions of lignification {!q}
 J - 7 potions of curing {@q1}
 P - 4 potions of invisibility
 W - 4 potions of attraction {!q}
Miscellaneous
 C - a phantom mirror
   (You found it on level 12 of the Dungeon)
 V - a phial of floods
   (You found it in a Gauntlet)
 Y - a box of beasts
   (You found it on level 1 of the Elven Halls)

Dungeon Overview and Level Annotations

Branches:
Dungeon (15/15)            Temple (1/1) D:7            Lair (6/6) D:9
 Shoals (0/4) Lair:4       Spider (4/4) Lair:4        Slime (0/5) Lair:6
    Orc (2/2) D:10            Elf (3/3) Orc:2        Vaults (0/5) D:14
 Depths (0/4) D:15        Volcano (visited)         Gauntlet (visited)

Altars:
Ashenzari
Cheibriados
Dithmenos
Elyvilon
Fedhas
Gozag
Hepliaklqana
Kikubaaqudgha
Makhleb
Nemelex Xobeh
Okawaru
Qazlal
Ru
Sif Muna
Trog
Uskayaw
Vehumet
Wu Jian
Xom
Yredelemnul
Zin
The Shining One
Jiyva

Shops:
D:5 [   D:7 =   D:8 *   D:15 ?   Orc:2 ((((?

Annotations:
Lair:6 exclusion: 4 oklob plants
Spider:4 3 runed translucent doors, Eringya's ghost, adept OpCj; testman's ghost, adept TrBe
Orc:2 1 runed translucent door, sammy202020's ghost, journeyman DsBe
Elf:2 3 runed translucent doors

##### ##...##
#.....# #.?...###
### #.....e.# ##.##
. ##@.)##.###...##
..
##'####..##.e)..#e..
##.## ##.))(.)..(ee.
##.## #.##.....#ยง..
##'## #####...## ..
##)## ##.## . ##..##
### ##....# #.....##


You could see a deep elf archer (repels missiles).


Message History

You block the +4 dire flail of protection's attack.
The deep elf blademaster closely misses you.
You block the deep elf blademaster's attack.
You hear a shout! x2
You barely miss the deep elf blademaster.
Your bite misses the deep elf blademaster.
The +4 dire flail of protection barely misses you.
The deep elf zephyrmancer casts a spell.
The deep elf zephyrmancer blinks!
The deep elf archer shoots an arrow.
You reflect the arrow off an invisible shield around you!
The arrow misses the deep elf archer.
The arrow hits the deep elf high priest!!
You block the deep elf blademaster's attack.
The deep elf blademaster hits you with a +0 short sword.
You hear a shout! x2
You miss the deep elf blademaster. You bite the deep elf blademaster.
You drain its power.
You feel invigorated.
You block the +4 dire flail of protection's attack.
The deep elf blademaster hits you with a +0 short sword!!
You block the deep elf blademaster's attack.
You are too injured to fight recklessly!
You are too injured to fight recklessly!
You are too injured to fight recklessly!
You are too injured to fight recklessly!
You puncture the deep elf blademaster!
The deep elf blademaster looks as sick as possible!
You bite the deep elf blademaster! You drain its power.
You feel invigorated.
You block the +4 dire flail of protection's attack.
The deep elf archer shoots an arrow.
The arrow hits you!
You block the deep elf blademaster's attack.
The deep elf blademaster hits you but does no damage.
You hear a shout!
You completely miss the deep elf blademaster.
Your bite misses the deep elf blademaster.
You block the +4 dire flail of protection's attack.
A deep elf annihilator comes into view.
It is wielding a +0 long sword and wearing the ring of Binwihu {Will++ rCorr Str+2 Dex+5}.
You block the deep elf blademaster's attack.
The deep elf blademaster hits you with a +0 short sword.
The deep elf archer shoots an arrow.
The arrow hits you!!
* * * LOW HITPOINT WARNING * * *
You hear a shout!
You puncture the deep elf blademaster!
The deep elf blademaster looks as sick as possible!
Your bite misses the deep elf blademaster.
You block the +4 dire flail of protection's attack.
Unknown command.
You puncture the deep elf blademaster!
The deep elf blademaster looks as sick as possible!
Your bite misses the deep elf blademaster.
The deep elf blademaster completely misses you.
You block the deep elf blademaster's attack.
The deep elf zephyrmancer mumbles some strange words.
The deep elf zephyrmancer blinks!
You block the +4 dire flail of protection's attack.
The deep elf archer shoots an arrow.
The arrow closely misses you.
You hear a shout!
You puncture the deep elf blademaster!
The deep elf blademaster looks as sick as possible!
Your bite misses the deep elf blademaster.
The deep elf blademaster hits you with a +0 short sword!
* * * LOW HITPOINT WARNING * * *
The deep elf blademaster hits you with a +0 short sword!!
* * * LOW HITPOINT WARNING * * *
The +4 dire flail of protection hits you!
* * * LOW HITPOINT WARNING * * *
Unknown command.
Really read
U - 2 scrolls of blinking {!r}? [Y]es or [N]o only, please.
Really read
U - 2 scrolls of blinking {!r}?
Blink to where?
Press: ? - help, Dir - move target
As you read the scroll of blinking {!r}, it crumbles to dust.
You feel a bit more experienced.
Your Spellcasting skill increases to level 8!
You block the +4 dire flail of protection's attack.
The +4 dire flail of protection barely misses you.
You block the +4 dire flail of protection's attack.
The +4 dire flail of protection hits you!!
* * * LOW HITPOINT WARNING * * *
You block the +4 dire flail of protection's attack.
You puncture the +4 dire flail of protection!
You bite the +4 dire flail of protection!
You drain its power.
You feel invigorated.
You block the +4 dire flail of protection's attack.
You hit the +4 dire flail of protection.
Your bite misses the +4 dire flail of protection.
The +4 dire flail of protection hits you!
* * * LOW HITPOINT WARNING * * *
Unknown command.
You hit the +4 dire flail of protection.
The +4 dire flail of protection falls from the air.
The deep elf archer shoots an arrow.
You reflect the arrow off an invisible shield around you!
The arrow barely misses the deep elf archer.
The deep elf archer seems less brilliant.
The deep elf archer shoots an arrow.
You reflect the arrow off an invisible shield around you!
The arrow closely misses the deep elf archer.
The deep elf archer shoots an arrow.
The arrow hits you!!
You die...

Skill      XL: |  1  2  3  4  5  6  7  8  9 10 11 12 13 14 15 16 17 18 |
---------------+-------------------------------------------------------+-----
Short Blades   | 2 3 4 5 6 7 |  7.3
Stealth        | 1 2 3 4 5 6 7 9 12 18 21 | 21.0
Fighting       | 3 4 5 6 7 9 11 12 13 14 16 | 16.0
Armour         | 3 4 6 8 |  8.0
Invocations    | 4 5 7 9 |  9.0
Dodging        | 3 5 6 7 10 | 10.0
Shields        | 4 5 11 15 | 15.0
Spellcasting   | 2 4 8 |  8.2

Action                   |  1- 3 |  4- 6 |  7- 9 | 10-12 | 13-15 | 16-18 || total
-------------------------+-------+-------+-------+-------+-------+-------++-------
Melee: Rapier            |    73 |   100 |   269 |       |       |       ||   442
       Bite              |    23 |    30 |   123 |   225 |   388 |   442 ||  1231
       Quick blade       |       |       |    35 |   613 |   878 |   940 ||  2466
       Short sword       |       |       |    29 |       |       |       ||    29
 Fire: Hunting sling     |       |    35 |   111 |   105 |       |       ||   251
Throw: Stone             |    37 |     7 |       |       |       |       ||    44
       Dart              |       |     3 |     1 |     4 |       |     1 ||     9
Invok: Recall Ancestor   |       |       |       |     3 |     1 |       ||     4
       Ancestor Life: He |       |       |       |     1 |       |       ||     1
Evoke: Wand              |       |       |       |     1 |       |       ||     1
  Use: Scroll            |       |       |    16 |    13 |    11 |    10 ||    50
       Potion            |       |       |       |       |     1 |       ||     1
 Stab: Distracted        |       |       |     1 |    12 |    33 |    11 ||    57
       Sleeping          |       |       |     3 |     5 |    27 |    30 ||    65
       Confused          |       |       |       |     6 |     9 |    16 ||    31
       Petrified         |       |       |       |       |     4 |       ||     4
       Paralysed         |       |       |       |       |    16 |    23 ||    39
Armor: Scale mail        |    24 |    41 |   116 |   149 |       |       ||   330
       Leather armour    |       |       |       |       |   103 |    63 ||   166
Dodge: Dodged            |    34 |    48 |   108 |   140 |   182 |   215 ||   727
Block: Buckler           |    13 |    18 |    75 |    91 |   195 |   104 ||   496
       Reflection        |       |       |       |       |     4 |    38 ||    42
       Kite shield       |       |       |       |       |       |   369 ||   369

Levels and vault maps discovered:
D:1:      tarquinn_simple_flora_water_c, layout_basic
D:2:      layout_basic, nicolae_ecumenical_snake_handling, chequers_mini_garden
D:3:      layout_loops_cross, grunt_ministairs_12, kennysheep_generic_room_16,
          uniq_grinder
D:4:      minmay_diamond_boxcup, layout_loops_ring, uniq_eustachio
D:5:      layout_basic, serial_shops, shop, hangedman_decor_slide_cut
D:6:      layout_loops_corners
D:7:      layout_loops_ring, temple_pool_b, serial_shops, kennysheep_little_box
D:8:      layout_layer_cave, eat_drink_and_be_merry_uskayaw,
          gammafunk_ghost_grave, serial_shops,
          nicolae_shop_competitors_out_of_business, serial_rivers,
          chequers_serial_rivers_micro_c, chequers_serial_rivers_small_3,
          chequers_serial_rivers_large_b, chequers_serial_rivers_room_b,
          chequers_serial_rivers_room_a, introduction_to_nature_2
D:9:      layout_layer_cave, grunt_lair_entry_orc_guard_hut,
          minmay_statue_bubble
D:10:     layout_cave_pods, erik_orc_4, hangedman_decor_peaks_small, uniq_erica,
          uniq_maurice
D:11:     layout_irregular_city
D:12:     layout_basic, hangedman_decor_clover_reticule, roderic_serpentine_path
D:13:     layout_roguey, lemuel_flame_loot_1, uniq_sonja
D:14:     layout_basic, skrybe_vaults_entry_preservation,
          minmay_misc_feat_diagonals, gammafunk_ghost_wrathful_warriors
D:15:     hangedman_depths_entry_civil_slaughter, layout_small_grid,
          serial_shops, shop
Temple:   grunt_wide_crystal_templ
Lair:1:   layout_long_grid
Lair:2:   layout_regular_city, enter_volcano_2,
          portal_ice_cave_entry_ice_simulacra
Lair:3:   layout_hall_layers, lemuel_old_faithful, grunt_megastairs_5,
          lemuel_fruit_fields
Lair:4:   layout_regular_city, elwin_shoals_entry_stream,
          spider_nest_entry_rubble, nicolae_lair_lil_pond
Lair:5:   layout_misc_corridors, gauntlet_entry_generic, grunt_megastairs_3
Lair:6:   grunt_lair_end_beastmaster, layout_regular_city,
          dpeg_slime_entry_enclosed_altar, dpeg_oklob_1
Spider:1: layout_cave_pods, nicolae_spider_webbed_stairs
Spider:2: layout_spider_delve, uniq_nikola, uniq_jorgrun
Spider:3: layout_spider_delve
Spider:4: hellmonk_spider_rune_endless_swarm, gammafunk_ghost_cemetery,
          uniq_arachne
Orc:1:    layout_diamond_mine, uniq_urug, uniq_nergalle
Orc:2:    st_orc_mages, layout_diamond_mine, serial_shops, nicolae_square_shop,
          hellmonk_ghost_happy_afterlife
Elf:1:    nicolae_elf_arrival_no_cutting_in_line, layout_onion_city,
          minmay_elf_sorcery
Elf:2:    nicolae_elf_blades_splatter_lattice
          [nicolae_blade_entry_hurt_lockers], layout_loops_ring,
          amcnicky_mini_pool_small, uniq_asterion
Elf:3:    grunt_elf_hall_diamonds, layout_geoelf_octagon

Notes
Turn   | Place    | Note
-------+----------+-------------------------------------------
     0 | D:1      | Sobieck the Vine Stalker Fighter began the quest for the
                  | Orb.
     0 | D:1      | Reached XP level 1. HP: 11/11 MP: 2/2
   315 | D:1      | Reached skill level 2 in Short Blades
   315 | D:1      | Reached skill level 1 in Stealth
   344 | D:1      | Reached XP level 2. HP: 15/16 MP: 3/3
   768 | D:1      | Reached skill level 3 in Fighting
  1212 | D:2      | Reached XP level 3. HP: 20/20 MP: 4/4
  1215 | D:2      | You add the spells Conjure Flame, Ignite Poison and Sticky
                  | Flame to your library.
  1454 | D:2      | Reached skill level 2 in Stealth
  1671 | D:2      | Found a faded altar of an unknown god.
  1676 | D:2      | Gained mutation: Your natural rate of healing is unusually
                  | fast. [Vine Stalker growth]
  1676 | D:2      | Reached XP level 4. HP: 24/24 MP: 5/5
  2189 | D:3      | Reached skill level 3 in Stealth
  2307 | D:3      | Reached skill level 3 in Short Blades
  2307 | D:3      | Reached XP level 5. HP: 28/28 MP: 6/6
  2622 | D:3      | Noticed Grinder
  2629 | D:3      | Paralysed by Grinder for 3 turns
  2638 | D:3      | Killed Grinder
  2639 | D:3      | Reached skill level 4 in Fighting
  2639 | D:3      | Reached skill level 4 in Stealth
  2639 | D:3      | Reached XP level 6. HP: 29/33 MP: 7/7
  2863 | D:4      | You pick up a book of Party Tricks and begin reading...
  2863 | D:4      | You add the spells Apportation and Alistair's Intoxication
                  | to your library.
  2951 | D:4      | HP: 5/34 [ogre/+0 giant club (14)]
  2955 | D:4      | Reached skill level 4 in Short Blades
  2955 | D:4      | Reached skill level 5 in Stealth
  2955 | D:4      | Reached XP level 7. HP: 12/38 MP: 1/8
  3142 | D:4      | You pick up a book of Weapons and begin reading...
  3142 | D:4      | You add the spells Tukima's Dance, Portal Projectile and
                  | Blade Hands to your library.
  3231 | D:4      | Noticed Eustachio
  3291 | D:4      | Killed Eustachio
  3292 | D:4      | Reached skill level 5 in Fighting
  3703 | D:4      | Reached skill level 6 in Stealth
  3794 | D:5      | Entered Level 5 of the Dungeon
  3817 | D:5      | Reached skill level 5 in Short Blades
  3817 | D:5      | Gained mutation: You have razor-sharp teeth. [Vine Stalker
                  | growth]
  3817 | D:5      | Reached XP level 8. HP: 44/44 MP: 7/9
  4115 | D:5      | Found Joifuc's Antique Armour Shop.
  4158 | D:5      | Reached skill level 6 in Fighting
  4239 | D:5      | Reached skill level 6 in Short Blades
  5033 | D:6      | You pick up a book of Blasting and begin reading...
  5033 | D:6      | You add the spells Fulminant Prism, Iskenderun's Mystic
                  | Blast and Lee's Rapid Deconstruction to your library.
  5219 | D:6      | Reached skill level 3 in Armour
  5272 | D:6      | Noticed a yak
  5273 | D:6      | Noticed a yak
  5307 | D:6      | Killed a yak
  5308 | D:6      | Reached skill level 7 in Stealth
  5308 | D:6      | Reached XP level 9. HP: 49/49 MP: 10/10
  5367 | D:6      | Reached skill level 4 in Armour
  5375 | D:6      | Reached skill level 7 in Fighting
  5375 | D:6      | Reached skill level 7 in Short Blades
  5375 | D:6      | Reached skill level 8 in Stealth
  5808 | D:7      | Identified a scroll of acquirement
  5808 | D:7      | Acquired a +5 quick blade
  5809 | D:7      | y - a +5 quick blade {shortrare=g}
  5812 | D:6      | y - a +5 quick blade {shortrare=g}
  5812 | D:6      | a - a +5 quick blade {shortrare=g}
  5812 | D:6      | a - a +5 quick blade (weapon) {shortrare=g}
  5826 | D:7      | a - a +5 quick blade (weapon) {shortrare=g}
  5843 | D:7      | a - a +5 quick blade (weapon) {shortrare=g}
  5876 | D:7      | a - a +5 quick blade (weapon) {shortrare=g}
  5888 | D:7      | Hit: a) +5 quick blade {shortrare=g}
  5888 | D:7      | Hit: a) +5 quick blade {shortrare=g}
  5902 | D:7      | a - a +5 quick blade (weapon) {shortrare=g}
  5915 | D:7      | a - a +5 quick blade (weapon) {shortrare=g}
  5921 | D:7      | Reached skill level 9 in Stealth
  5943 | D:7      | a - a +5 quick blade (weapon) {shortrare=g}
  5959 | D:7      | Found a staircase to the Ecumenical Temple.
  5961 | D:7      | You pick up a book of Touch and begin reading...
  5961 | D:7      | You add the spells Static Discharge and Dispel Undead to
                  | your library.
  5972 | D:7      | a - a +5 quick blade (weapon) {shortrare=g}
  5991 | Temple   | Entered the Ecumenical Temple
  6046 | Temple   | Became a worshipper of Hepliaklqana the Forgotten
  6072 | D:7      | a - a +5 quick blade (weapon) {shortrare=g}
  6351 | D:7      | a - a +5 quick blade (weapon) {shortrare=g}
  6367 | D:7      | Reached XP level 10. HP: 56/56 MP: 11/11
  6375 | D:7      | Reached skill level 8 in Fighting
  6430 | D:7      | a - a +5 quick blade (weapon) {shortrare=g}
  6436 | D:7      | a - a +5 quick blade (weapon) {shortrare=g}
  6440 | D:7      | a - a +5 quick blade (weapon) {shortrare=g}
  6486 | D:7      | a - a +5 quick blade (weapon) {shortrare=g}
  6794 | D:7      | a - a +5 quick blade (weapon) {shortrare=g}
  6799 | D:7      | Reached skill level 1 in Invocations
  6819 | D:7      | a - a +5 quick blade (weapon) {shortrare=g}
  6826 | D:7      | Reached skill level 1 in Dodging
  6826 | D:7      | Reached skill level 3 in Shields
  6900 | D:7      | Found Weru's Jewellery Shoppe.
  6906 | D:7      | Bought a ring of magical power for 300 gold pieces
  7034 | D:8      | a - a +5 quick blade (weapon) {shortrare=g}
  7048 | D:8      | a - a +5 quick blade (weapon) {shortrare=g}
  7091 | D:8      | Found a hide-covered altar of Uskayaw.
  7169 | D:8      | a - a +5 quick blade (weapon) {shortrare=g}
  7196 | D:8      | a - a +5 quick blade (weapon) {shortrare=g}
  7283 | D:8      | a - a +5 quick blade (weapon) {shortrare=g}
  7301 | D:8      | a - a +5 quick blade (weapon) {shortrare=g}
  7306 | D:8      | Reached skill level 2 in Invocations
  7319 | D:8      | a - a +5 quick blade (weapon) {shortrare=g}
  7329 | D:8      | a - a +5 quick blade (weapon) {shortrare=g}
  7391 | D:8      | Reached * piety under Hepliaklqana
  7395 | D:8      | Found Dueqaebb's General Store.
  7413 | D:8      | a - a +5 quick blade (weapon) {shortrare=g}
  7426 | D:8      | Reached skill level 2 in Dodging
  7439 | D:8      | a - a +5 quick blade (weapon) {shortrare=g}
  7575 | D:8      | Found a runed translucent door.
  7575 | D:8      | Noticed YayAnonymity's ghost (novice GnFi)
  7684 | D:8      | a - a +5 quick blade (weapon) {shortrare=g}
  7692 | D:8      | a - a +5 quick blade (weapon) {shortrare=g}
  8169 | D:8      | Noticed an oklob plant
  8230 | D:8      | Killed an oklob plant
  8231 | D:8      | Reached skill level 4 in Shields
  8231 | D:8      | Reached skill level 3 in Invocations
  8255 | D:8      | a - a +5 quick blade (weapon) {shortrare=g}
  8274 | D:8      | a - a +5 quick blade (weapon) {shortrare=g}
  8290 | D:8      | a - a +5 quick blade (weapon) {shortrare=g}
  8300 | D:8      | Paralysed by a hornet for 1 turns
  8630 | D:9      | Noticed an obsidian statue
  8640 | D:9      | a - a +5 quick blade (weapon) {shortrare=g}
  8663 | D:9      | Noticed an orange demon
  8733 | D:9      | Reached skill level 3 in Dodging
  8758 | D:9      | a - a +5 quick blade (weapon) {shortrare=g}
  8767 | D:9      | Reached skill level 4 in Invocations
  8770 | D:9      | a - a +5 quick blade (weapon) {shortrare=g}
  8780 | D:9      | a - a +5 quick blade (weapon) {shortrare=g}
  8783 | D:9      | Reached skill level 9 in Fighting
  8830 | D:9      | Found a staircase to the Lair.
  8931 | D:9      | a - a +5 quick blade (weapon) {shortrare=g}
  9108 | D:9      | You fall into a shaft and drop 3 floors!
  9112 | D:12     | Noticed a cyclops
  9113 | D:12     | a - a +5 quick blade (weapon) {shortrare=g}
  9122 | D:12     | Killed a cyclops
  9123 | D:12     | Reached XP level 11. HP: 47/55 MP: 15/15
  9144 | D:11     | Noticed a white ugly thing
  9158 | D:11     | Killed a white ugly thing
  9159 | D:11     | Reached skill level 4 in Dodging
  9159 | D:11     | Reached skill level 5 in Invocations
  9215 | D:11     | Reached ** piety under Hepliaklqana
  9216 | D:11     | Remembered your ancestor Sagil-Zimu as a hexer
  9297 | D:11     | Noticed a skeletal warrior
  9297 | D:11     | Noticed a skeletal warrior
  9297 | D:11     | Noticed a skeletal warrior
  9297 | D:11     | Noticed a skeletal warrior
  9605 | D:10     | Entered Level 10 of the Dungeon
 10445 | D:10     | Noticed Erica
 10455 | D:10     | Killed Erica
 10481 | D:10     | Reached *** piety under Hepliaklqana
 10509 | D:10     | Reached skill level 5 in Dodging
 10512 | D:10     | Noticed a two-headed ogre
 10524 | D:10     | Killed a two-headed ogre
 10525 | D:10     | Reached skill level 10 in Fighting
 10855 | D:10     | Noticed a two-headed ogre
 10865 | D:10     | Killed a two-headed ogre
 10866 | D:10     | Reached skill level 11 in Fighting
 11193 | D:10     | Noticed Maurice
 11202 | D:10     | Killed Maurice
 11206 | D:10     | Reached skill level 1 in Spellcasting
 11229 | D:10     | Found a staircase to the Orcish Mines.
 11788 | D:11     | Noticed a cyclops
 11798 | D:11     | Killed a cyclops
 11832 | D:11     | Reached skill level 2 in Spellcasting
 11974 | Lair:1   | Entered Level 1 of the Lair of Beasts
 11989 | Lair:1   | Reached XP level 12. HP: 57/63 MP: 16/16
 12034 | Lair:1   | Reached skill level 10 in Stealth
 12098 | Lair:1   | Noticed a five-headed hydra
 12109 | Lair:1   | Killed a five-headed hydra
 12110 | Lair:1   | Reached skill level 5 in Armour
 12110 | Lair:1   | Reached skill level 3 in Spellcasting
 12172 | Lair:1   | Reached **** piety under Hepliaklqana
 12406 | Lair:1   | Reached skill level 4 in Spellcasting
 12741 | Lair:1   | Reached skill level 11 in Stealth
 12748 | Lair:1   | your +5 quick blade {shortrare=g} acquires a faint
                  | afterimage.
 12748 | Lair:1   | a - a +5 spectral quick blade (weapon) {shortrare=g}
 12759 | Lair:1   | your +5 spectral quick blade {shortrare=g} hits the rime
                  | drake.
 12761 | Lair:1   | your +5 spectral quick blade {shortrare=g} hits the rime
                  | drake but does no damage.
 12761 | Lair:1   | the rime drake barely misses your +5 spectral quick blade
                  | {shortrare=g}.
 12762 | Lair:1   | your +5 spectral quick blade {shortrare=g} barely misses
                  | the rime drake.
 12943 | Lair:2   | your +5 spectral quick blade {shortrare=g} hits the komodo
                  | dragon.
 12944 | Lair:2   | your +5 spectral quick blade {shortrare=g} hits the komodo
                  | dragon.
 12945 | Lair:2   | your +5 spectral quick blade {shortrare=g} hits the komodo
                  | dragon.
 12945 | Lair:2   | the polar bear misses your +5 spectral quick blade
                  | {shortrare=g}.
 12945 | Lair:2   | the polar bear closely misses your +5 spectral quick blade
                  | {shortrare=g}.
 12945 | Lair:2   | the polar bear misses your +5 spectral quick blade
                  | {shortrare=g}.
 12947 | Lair:2   | your +5 spectral quick blade {shortrare=g} hits the polar
                  | bear.
 12948 | Lair:2   | your +5 spectral quick blade {shortrare=g} hits the polar
                  | bear!
 12949 | Lair:2   | your +5 spectral quick blade {shortrare=g} hits the polar
                  | bear!
 12949 | Lair:2   | the polar bear bites your +5 spectral quick blade
                  | {shortrare=g}.
 12949 | Lair:2   | the polar bear closely misses your +5 spectral quick blade
                  | {shortrare=g}.
 12949 | Lair:2   | the polar bear barely misses your +5 spectral quick blade
                  | {shortrare=g}.
 12950 | Lair:2   | your +5 spectral quick blade {shortrare=g} hits the polar
                  | bear but does no damage.
 12951 | Lair:2   | your +5 spectral quick blade {shortrare=g} hits the polar
                  | bear!
 12952 | Lair:2   | your +5 spectral quick blade {shortrare=g} barely misses
                  | the polar bear.
 12953 | Lair:2   | your +5 spectral quick blade {shortrare=g} hits the polar
                  | bear.
 12954 | Lair:2   | your +5 spectral quick blade {shortrare=g} closely misses
                  | the cane toad.
 12955 | Lair:2   | your +5 spectral quick blade {shortrare=g} barely misses
                  | the cane toad.
 12956 | Lair:2   | your +5 spectral quick blade {shortrare=g} hits the cane
                  | toad.
 12957 | Lair:2   | your +5 spectral quick blade {shortrare=g} hits the cane
                  | toad.
 12958 | Lair:2   | your +5 spectral quick blade {shortrare=g} hits the cane
                  | toad but does no damage.
 12959 | Lair:2   | your +5 spectral quick blade {shortrare=g} hits the cane
                  | toad.
 12960 | Lair:2   | Reached skill level 6 in Armour
 12960 | Lair:2   | Here: a +5 spectral quick blade {shortrare=g} (summoned,
                  | friendly)
 12960 | Lair:2   | Here: a +5 spectral quick blade {shortrare=g} (summoned,
                  | friendly)
 12979 | Lair:2   | your +5 spectral quick blade {shortrare=g} hits the cane
                  | toad.
 12980 | Lair:2   | your +5 spectral quick blade {shortrare=g} hits the cane
                  | toad.
 12981 | Lair:2   | your +5 spectral quick blade {shortrare=g} closely misses
                  | the cane toad.
 12982 | Lair:2   | your +5 spectral quick blade {shortrare=g} hits the cane
                  | toad.
 12983 | Lair:2   | Reached skill level 12 in Fighting
 13001 | Lair:2   | your +5 spectral quick blade {shortrare=g} hits the water
                  | moccasin.
 13002 | Lair:2   | your +5 spectral quick blade {shortrare=g} hits the water
                  | moccasin.
 13002 | Lair:2   | the water moccasin completely misses your +5 spectral quick
                  | blade {shortrare=g}.
 13003 | Lair:2   | your +5 spectral quick blade {shortrare=g} misses the water
                  | moccasin.
 13045 | Lair:2   | Reached ***** piety under Hepliaklqana
 13050 | Lair:2   | your +5 spectral quick blade {shortrare=g} hits the polar
                  | bear!
 13051 | Lair:2   | your +5 spectral quick blade {shortrare=g} hits the polar
                  | bear.
 13052 | Lair:2   | your +5 spectral quick blade {shortrare=g} hits the polar
                  | bear!
 13052 | Lair:2   | the cane toad misses your +5 spectral quick blade
                  | {shortrare=g}.
 13054 | Lair:2   | your +5 spectral quick blade {shortrare=g} hits the cane
                  | toad!
 13055 | Lair:2   | your +5 spectral quick blade {shortrare=g} hits the cane
                  | toad.
 13059 | Lair:2   | your +5 spectral quick blade {shortrare=g} hits the komodo
                  | dragon!
 13061 | Lair:2   | your +5 spectral quick blade {shortrare=g} hits the komodo
                  | dragon.
 13061 | Lair:2   | The flash freeze hits your +5 spectral quick blade
                  | {shortrare=g}!!
 13061 | Lair:2   | your +5 spectral quick blade {shortrare=g} partially
                  | resists.
 13061 | Lair:2   | your +5 spectral quick blade {shortrare=g} is flash-frozen.
 13062 | Lair:2   | your +5 spectral quick blade {shortrare=g} hits the komodo
                  | dragon.
 13064 | Lair:2   | your +5 spectral quick blade {shortrare=g} hits the komodo
                  | dragon.
 13066 | Lair:2   | your +5 spectral quick blade {shortrare=g} barely misses
                  | the rime drake.
 13067 | Lair:2   | your +5 spectral quick blade {shortrare=g} hits the rime
                  | drake.
 13191 | Lair:2   | your +5 spectral quick blade {shortrare=g} hits the
                  | bullfrog.
 13192 | Lair:2   | your +5 spectral quick blade {shortrare=g} hits the
                  | bullfrog!
 13204 | Lair:2   | your +5 spectral quick blade {shortrare=g} hits the water
                  | moccasin!
 13321 | Lair:2   | Found a dark tunnel.
 13328 | Volcano  | Entered a volcano
 13339 | Volcano  | your +5 spectral quick blade {shortrare=g} hits the lava
                  | snake!
 13339 | Volcano  | the lava snake barely misses your +5 spectral quick blade
                  | {shortrare=g}.
 13340 | Volcano  | your +5 spectral quick blade {shortrare=g} hits the lava
                  | snake!
 13342 | Volcano  | your +5 spectral quick blade {shortrare=g} hits the lava
                  | snake!
 13359 | Volcano  | your +5 spectral quick blade {shortrare=g} barely misses
                  | the fire bat.
 13360 | Volcano  | your +5 spectral quick blade {shortrare=g} hits the fire
                  | bat!
 13485 | Volcano  | your +5 spectral quick blade {shortrare=g} hits the fire
                  | bat!
 13515 | Volcano  | Found a burning altar of Makhleb.
 13524 | Volcano  | your +5 spectral quick blade {shortrare=g} hits the fire
                  | bat.
 13526 | Volcano  | your +5 spectral quick blade {shortrare=g} hits the
                  | lindwurm.
 13527 | Volcano  | your +5 spectral quick blade {shortrare=g} hits the
                  | lindwurm!
 13528 | Volcano  | your +5 spectral quick blade {shortrare=g} hits the
                  | lindwurm.
 13529 | Volcano  | your +5 spectral quick blade {shortrare=g} hits the
                  | lindwurm but does no damage.
 13530 | Volcano  | your +5 spectral quick blade {shortrare=g} hits the
                  | lindwurm but does no damage.
 13531 | Volcano  | your +5 spectral quick blade {shortrare=g} hits the
                  | lindwurm.
 13532 | Volcano  | Reached skill level 12 in Stealth
 13532 | Volcano  | your +5 spectral quick blade {shortrare=g} hits the fire
                  | bat!
 13532 | Volcano  | the fire bat bites your +5 spectral quick blade
                  | {shortrare=g} but does no damage.
 13533 | Volcano  | your +5 spectral quick blade {shortrare=g} closely misses
                  | the fire bat.
 13541 | Volcano  | Reached XP level 13. HP: 68/68 MP: 20/20
 13561 | Volcano  | your +5 spectral quick blade {shortrare=g} hits the molten
                  | gargoyle.
 13562 | Volcano  | your +5 spectral quick blade {shortrare=g} hits the molten
                  | gargoyle.
 13563 | Volcano  | your +5 spectral quick blade {shortrare=g} hits the molten
                  | gargoyle!
 13613 | Volcano  | your +5 spectral quick blade {shortrare=g} hits the fire
                  | bat!
 13613 | Volcano  | the fire bat barely misses your +5 spectral quick blade
                  | {shortrare=g}.
 13616 | Volcano  | your +5 spectral quick blade {shortrare=g} hits the fire
                  | bat!
 13629 | Volcano  | your +5 spectral quick blade {shortrare=g} hits the molten
                  | gargoyle.
 13630 | Volcano  | your +5 spectral quick blade {shortrare=g} hits the molten
                  | gargoyle.
 13631 | Volcano  | your +5 spectral quick blade {shortrare=g} hits the molten
                  | gargoyle but does no damage.
 13632 | Volcano  | your +5 spectral quick blade {shortrare=g} hits the molten
                  | gargoyle!
 13633 | Volcano  | Reached skill level 7 in Armour
 13738 | Lair:2   | your +5 spectral quick blade {shortrare=g} hits the
                  | five-headed hydra!
 13739 | Lair:2   | your +5 spectral quick blade {shortrare=g} hits the
                  | five-headed hydra!
 13740 | Lair:2   | your +5 spectral quick blade {shortrare=g} hits the
                  | five-headed hydra!
 13917 | Lair:2   | your +5 spectral quick blade {shortrare=g} completely
                  | misses the bullfrog.
 13918 | Lair:2   | your +5 spectral quick blade {shortrare=g} hits the
                  | bullfrog!
 13930 | Lair:2   | your +5 spectral quick blade {shortrare=g} hits the death
                  | yak simulacrum.
 13931 | Lair:2   | your +5 spectral quick blade {shortrare=g} hits the death
                  | yak simulacrum.
 13932 | Lair:2   | your +5 spectral quick blade {shortrare=g} hits the death
                  | yak simulacrum but does no damage.
 13934 | Lair:2   | your +5 spectral quick blade {shortrare=g} hits the polar
                  | bear simulacrum but does no damage.
 13938 | Lair:2   | your +5 spectral quick blade {shortrare=g} hits the polar
                  | bear simulacrum!
 13939 | Lair:2   | your +5 spectral quick blade {shortrare=g} hits the polar
                  | bear simulacrum.
 14053 | Lair:3   | your +5 spectral quick blade {shortrare=g} closely misses
                  | the water moccasin.
 14055 | Lair:3   | Reached skill level 13 in Fighting
 14059 | Lair:3   | your +5 spectral quick blade {shortrare=g} barely misses
                  | the blink frog.
 14060 | Lair:3   | your +5 spectral quick blade {shortrare=g} barely misses
                  | the blink frog.
 14063 | Lair:3   | your +5 spectral quick blade {shortrare=g} closely misses
                  | the blink frog.
 14064 | Lair:3   | your +5 spectral quick blade {shortrare=g} hits the blink
                  | frog.
 14064 | Lair:3   | the blink frog hits your +5 spectral quick blade
                  | {shortrare=g}!
 14064 | Lair:3   | the blink frog closely misses your +5 spectral quick blade
                  | {shortrare=g}.
 14065 | Lair:3   | your +5 spectral quick blade {shortrare=g} hits the blink
                  | frog.
 14065 | Lair:3   | the blink frog hits your +5 spectral quick blade
                  | {shortrare=g}.
 14068 | Lair:3   | your +5 spectral quick blade {shortrare=g} hits the blink
                  | frog.
 14069 | Lair:3   | your +5 spectral quick blade {shortrare=g} hits the blink
                  | frog!
 14107 | Lair:3   | your +5 spectral quick blade {shortrare=g} hits the
                  | bullfrog.
 14108 | Lair:3   | your +5 spectral quick blade {shortrare=g} hits the
                  | bullfrog!
 14212 | Lair:3   | your +5 spectral quick blade {shortrare=g} hits the wolf!
 14213 | Lair:3   | your +5 spectral quick blade {shortrare=g} hits the wolf!
 14214 | Lair:3   | your +5 spectral quick blade {shortrare=g} hits the wolf!
 14215 | Lair:3   | your +5 spectral quick blade {shortrare=g} hits the wolf!
 14216 | Lair:3   | your +5 spectral quick blade {shortrare=g} barely misses
                  | the wolf.
 14217 | Lair:3   | your +5 spectral quick blade {shortrare=g} hits the wolf.
 14218 | Lair:3   | your +5 spectral quick blade {shortrare=g} barely misses
                  | the wolf.
 14383 | Lair:3   | your +5 spectral quick blade {shortrare=g} closely misses
                  | the bullfrog.
 14384 | Lair:3   | your +5 spectral quick blade {shortrare=g} hits the
                  | bullfrog.
 14400 | Lair:3   | Reached skill level 6 in Invocations
 14403 | Lair:3   | your +5 spectral quick blade {shortrare=g} hits the cane
                  | toad but does no damage.
 14404 | Lair:3   | your +5 spectral quick blade {shortrare=g} hits the cane
                  | toad!
 14405 | Lair:3   | your +5 spectral quick blade {shortrare=g} hits the cane
                  | toad.
 14603 | Lair:3   | your +5 spectral quick blade {shortrare=g} barely misses
                  | the rime drake.
 14604 | Lair:3   | your +5 spectral quick blade {shortrare=g} hits the rime
                  | drake!
 14605 | Lair:3   | your +5 spectral quick blade {shortrare=g} hits the rime
                  | drake.
 14981 | Lair:4   | your +5 spectral quick blade {shortrare=g} completely
                  | misses the blink frog.
 14982 | Lair:4   | your +5 spectral quick blade {shortrare=g} hits the blink
                  | frog!
 14982 | Lair:4   | the blink frog hits your +5 spectral quick blade
                  | {shortrare=g}!
 14983 | Lair:4   | your +5 spectral quick blade {shortrare=g} hits the blink
                  | frog!
 14984 | Lair:4   | your +5 spectral quick blade {shortrare=g} hits the blink
                  | frog!
 14985 | Lair:4   | your +5 spectral quick blade {shortrare=g} barely misses
                  | the blink frog.
 14987 | Lair:4   | your +5 spectral quick blade {shortrare=g} hits the blink
                  | frog.
 14992 | Lair:4   | your +5 spectral quick blade {shortrare=g} hits the
                  | five-headed hydra!
 14993 | Lair:4   | your +5 spectral quick blade {shortrare=g} hits the
                  | five-headed hydra!
 14993 | Lair:4   | the five-headed hydra bites your +5 spectral quick blade
                  | {shortrare=g} but does no damage.
 14993 | Lair:4   | the five-headed hydra completely misses your +5 spectral
                  | quick blade {shortrare=g}.
 14993 | Lair:4   | the five-headed hydra barely misses your +5 spectral quick
                  | blade {shortrare=g}.
 14993 | Lair:4   | the five-headed hydra bites your +5 spectral quick blade
                  | {shortrare=g}!
 14993 | Lair:4   | the five-headed hydra barely misses your +5 spectral quick
                  | blade {shortrare=g}.
 14995 | Lair:4   | Reached skill level 7 in Invocations
 15032 | Lair:4   | your +5 spectral quick blade {shortrare=g} misses the wolf.
 15033 | Lair:4   | your +5 spectral quick blade {shortrare=g} hits the wolf!
 15034 | Lair:4   | your +5 spectral quick blade {shortrare=g} hits the wolf.
 15034 | Lair:4   | the wolf barely misses your +5 spectral quick blade
                  | {shortrare=g}.
 15036 | Lair:4   | your +5 spectral quick blade {shortrare=g} hits the wolf.
 15036 | Lair:4   | the wolf closely misses your +5 spectral quick blade
                  | {shortrare=g}.
 15084 | Lair:4   | Found a hole to the Spider Nest.
 15087 | Lair:4   | your +5 spectral quick blade {shortrare=g} closely misses
                  | the culicivora.
 15088 | Lair:4   | your +5 spectral quick blade {shortrare=g} hits the
                  | culicivora!
 15089 | Lair:4   | your +5 spectral quick blade {shortrare=g} hits the
                  | culicivora!
 15112 | Lair:4   | your +5 spectral quick blade {shortrare=g} hits the
                  | bullfrog!
 15115 | Lair:4   | your +5 spectral quick blade {shortrare=g} hits the water
                  | moccasin!
 15116 | Lair:4   | your +5 spectral quick blade {shortrare=g} hits the water
                  | moccasin but does no damage.
 15117 | Lair:4   | your +5 spectral quick blade {shortrare=g} hits the water
                  | moccasin!
 15118 | Lair:4   | your +5 spectral quick blade {shortrare=g} hits the water
                  | moccasin!
 15126 | Lair:4   | You pick up a book of Maledictions and begin reading...
 15126 | Lair:4   | You add the spells Anguish and Enfeeble to your library.
 15142 | Lair:4   | your +5 spectral quick blade {shortrare=g} hits the dream
                  | sheep!
 15142 | Lair:4   | the cane toad stings your +5 spectral quick blade
                  | {shortrare=g}!
 15144 | Lair:4   | your +5 spectral quick blade {shortrare=g} hits the cane
                  | toad.
 15145 | Lair:4   | your +5 spectral quick blade {shortrare=g} hits the cane
                  | toad.
 15146 | Lair:4   | your +5 spectral quick blade {shortrare=g} misses the
                  | merfolk siren.
 15147 | Lair:4   | your +5 spectral quick blade {shortrare=g} hits the merfolk
                  | siren.
 15148 | Lair:4   | your +5 spectral quick blade {shortrare=g} hits the merfolk
                  | siren.
 15149 | Lair:4   | your +5 spectral quick blade {shortrare=g} hits the cane
                  | toad.
 15150 | Lair:4   | your +5 spectral quick blade {shortrare=g} barely misses
                  | the cane toad.
 15151 | Lair:4   | your +5 spectral quick blade {shortrare=g} hits the cane
                  | toad.
 15152 | Lair:4   | your +5 spectral quick blade {shortrare=g} hits the cane
                  | toad.
 15157 | Lair:4   | your +5 spectral quick blade {shortrare=g} hits the merfolk
                  | siren!
 15161 | Lair:4   | your +5 spectral quick blade {shortrare=g} hits the merfolk
                  | siren!
 15224 | Lair:4   | Found a staircase to the Shoals.
 15230 | Lair:4   | your +5 spectral quick blade {shortrare=g} hits the water
                  | moccasin.
 15231 | Lair:4   | your +5 spectral quick blade {shortrare=g} hits the water
                  | moccasin!
 15481 | Lair:4   | your +5 spectral quick blade {shortrare=g} hits the
                  | four-headed hydra!
 15482 | Lair:4   | your +5 spectral quick blade {shortrare=g} hits the
                  | four-headed hydra!
 15483 | Lair:4   | your +5 spectral quick blade {shortrare=g} hits the
                  | four-headed hydra!
 15513 | Lair:4   | Reached ****** piety under Hepliaklqana
 15528 | Lair:4   | your +5 spectral quick blade {shortrare=g} hits the
                  | elephant.
 15529 | Lair:4   | your +5 spectral quick blade {shortrare=g} hits the
                  | elephant!
 15530 | Lair:4   | your +5 spectral quick blade {shortrare=g} hits the
                  | elephant!
 15531 | Lair:4   | your +5 spectral quick blade {shortrare=g} hits the
                  | elephant.
 15532 | Lair:4   | your +5 spectral quick blade {shortrare=g} hits the
                  | elephant.
 15533 | Lair:4   | your +5 spectral quick blade {shortrare=g} hits the
                  | elephant!
 15535 | Lair:4   | your +5 spectral quick blade {shortrare=g} hits the
                  | elephant but does no damage.
 15536 | Lair:4   | your +5 spectral quick blade {shortrare=g} hits the
                  | elephant!
 15537 | Lair:4   | your +5 spectral quick blade {shortrare=g} hits the
                  | elephant but does no damage.
 15538 | Lair:4   | your +5 spectral quick blade {shortrare=g} hits the
                  | elephant but does no damage.
 15540 | Lair:4   | your +5 spectral quick blade {shortrare=g} hits the
                  | elephant!
 15541 | Lair:4   | your +5 spectral quick blade {shortrare=g} hits the
                  | elephant.
 15542 | Lair:4   | your +5 spectral quick blade {shortrare=g} completely
                  | misses the elephant.
 15543 | Lair:4   | your +5 spectral quick blade {shortrare=g} hits the
                  | elephant but does no damage.
 15547 | Lair:4   | your +5 spectral quick blade {shortrare=g} hits the
                  | elephant.
 15548 | Lair:4   | your +5 spectral quick blade {shortrare=g} hits the
                  | elephant!
 15549 | Lair:4   | your +5 spectral quick blade {shortrare=g} completely
                  | misses the elephant.
 15584 | Lair:4   | your +5 spectral quick blade {shortrare=g} hits the rime
                  | drake!
 15585 | Lair:4   | your +5 spectral quick blade {shortrare=g} hits the rime
                  | drake!
 15774 | Lair:4   | your +5 spectral quick blade {shortrare=g} hits the rime
                  | drake.
 15775 | Lair:4   | your +5 spectral quick blade {shortrare=g} hits the rime
                  | drake!
 15777 | Lair:4   | Reached skill level 6 in Dodging
 15780 | Lair:4   | your +5 spectral quick blade {shortrare=g} hits the yak.
 15781 | Lair:4   | your +5 spectral quick blade {shortrare=g} hits the yak!
 15783 | Lair:4   | your +5 spectral quick blade {shortrare=g} closely misses
                  | the yak.
 15783 | Lair:4   | the yak barely misses your +5 spectral quick blade
                  | {shortrare=g}.
 15784 | Lair:4   | your +5 spectral quick blade {shortrare=g} hits the yak!
 15787 | Lair:4   | your +5 spectral quick blade {shortrare=g} hits the yak!
 15788 | Lair:4   | your +5 spectral quick blade {shortrare=g} hits the yak!
 15850 | Lair:4   | your +5 spectral quick blade {shortrare=g} hits the
                  | bullfrog!
 15996 | Lair:5   | Found a gate leading to a gauntlet.
 15998 | Lair:5   | your +5 spectral quick blade {shortrare=g} barely misses
                  | the komodo dragon.
 15999 | Lair:5   | your +5 spectral quick blade {shortrare=g} hits the komodo
                  | dragon!
 16000 | Lair:5   | your +5 spectral quick blade {shortrare=g} hits the komodo
                  | dragon!
 16021 | Gauntlet | Entered a Gauntlet
 16021 | Gauntlet | Found a transporter.
 16021 | Gauntlet | Found a transporter.
 16029 | Gauntlet | Found a transporter.
 16029 | Gauntlet | Found a transporter.
 16032 | Gauntlet | Found a transporter.
 16075 | Gauntlet | Found a transporter.
 16080 | Gauntlet | Found a transporter.
 16110 | Gauntlet | Noticed a quicksilver ooze
 16118 | Gauntlet | Found a transporter.
 16119 | Gauntlet | Found a transporter.
 16119 | Gauntlet | Found a transporter.
 16134 | Gauntlet | Found a transporter.
 16149 | Gauntlet | Found a transporter.
 16159 | Gauntlet | Found a transporter.
 16180 | Gauntlet | Found a transporter.
 16257 | Gauntlet | your +5 spectral quick blade {shortrare=g} hits the wolf.
 16258 | Gauntlet | your +5 spectral quick blade {shortrare=g} hits the wolf.
 16260 | Gauntlet | your +5 spectral quick blade {shortrare=g} barely misses
                  | the wolf.
 16261 | Gauntlet | your +5 spectral quick blade {shortrare=g} barely misses
                  | the wolf.
 16262 | Gauntlet | your +5 spectral quick blade {shortrare=g} hits the wolf
                  | but does no damage.
 16262 | Gauntlet | the wolf barely misses your +5 spectral quick blade
                  | {shortrare=g}.
 16270 | Gauntlet | your +5 spectral quick blade {shortrare=g} hits the moth of
                  | wrath!
 16272 | Gauntlet | You pick up a book of Annihilations and begin reading...
 16272 | Gauntlet | You add the spells Chain Lightning, Fire Storm and Shatter
                  | to your library.
 16276 | Gauntlet | your +5 spectral quick blade {shortrare=g} glows red for a
                  | moment.
 16296 | Gauntlet | Killed a quicksilver ooze
 16297 | Gauntlet | Reached skill level 8 in Armour
 16350 | Gauntlet | your +6 spectral quick blade {shortrare=g} hits the small
                  | abomination!
 16370 | Gauntlet | Reached XP level 14. HP: 74/74 MP: 21/21
 16373 | Gauntlet | Identified the ring of Trepidation {Ice Stlth+}
 16378 | Gauntlet | your +6 spectral quick blade {shortrare=g} glows red for a
                  | moment.
 16410 | Gauntlet | your +7 spectral quick blade {shortrare=g} hits the
                  | minotaur but does no damage.
 16411 | Gauntlet | your +7 spectral quick blade {shortrare=g} hits the
                  | minotaur.
 16412 | Gauntlet | your +7 spectral quick blade {shortrare=g} hits the
                  | minotaur!
 16413 | Gauntlet | your +7 spectral quick blade {shortrare=g} hits the
                  | minotaur.
 16414 | Gauntlet | your +7 spectral quick blade {shortrare=g} barely misses
                  | the minotaur.
 16414 | Gauntlet | the minotaur headbutts your +7 spectral quick blade
                  | {shortrare=g}!
 16415 | Gauntlet | your +7 spectral quick blade {shortrare=g} hits the
                  | minotaur!
 16416 | Gauntlet | your +7 spectral quick blade {shortrare=g} hits the
                  | minotaur but does no damage.
 16521 | Lair:5   | Acquired a manual of Stealth
 16579 | Lair:5   | your +7 spectral quick blade {shortrare=g} hits the yak!
 16580 | Lair:5   | your +7 spectral quick blade {shortrare=g} hits the yak.
 16581 | Lair:5   | your +7 spectral quick blade {shortrare=g} hits the yak!
 16581 | Lair:5   | the yak barely misses your +7 spectral quick blade
                  | {shortrare=g}.
 16581 | Lair:5   | the yak gores your +7 spectral quick blade {shortrare=g}
                  | but does no damage.
 16582 | Lair:5   | your +7 spectral quick blade {shortrare=g} hits the yak.
 16583 | Lair:5   | your +7 spectral quick blade {shortrare=g} hits the yak!
 16584 | Lair:5   | your +7 spectral quick blade {shortrare=g} hits the yak.
 16584 | Lair:5   | the yak barely misses your +7 spectral quick blade
                  | {shortrare=g}.
 16584 | Lair:5   | the yak completely misses your +7 spectral quick blade
                  | {shortrare=g}.
 16586 | Lair:5   | your +7 spectral quick blade {shortrare=g} hits the yak.
 16588 | Lair:5   | your +7 spectral quick blade {shortrare=g} hits the yak.
 16589 | Lair:5   | your +7 spectral quick blade {shortrare=g} hits the yak.
 16590 | Lair:5   | your +7 spectral quick blade {shortrare=g} hits the yak!
 16591 | Lair:5   | your +7 spectral quick blade {shortrare=g} hits the yak!
 16592 | Lair:5   | your +7 spectral quick blade {shortrare=g} hits the yak.
 16595 | Lair:5   | your +7 spectral quick blade {shortrare=g} barely misses
                  | the yak.
 16691 | Lair:5   | your +7 spectral quick blade {shortrare=g} hits the
                  | five-headed hydra!
 16692 | Lair:5   | your +7 spectral quick blade {shortrare=g} completely
                  | misses the five-headed hydra.
 16693 | Lair:5   | your +7 spectral quick blade {shortrare=g} closely misses
                  | the five-headed hydra.
 16697 | Lair:5   | your +7 spectral quick blade {shortrare=g} hits the yak!
 16698 | Lair:5   | your +7 spectral quick blade {shortrare=g} hits the yak!
 16700 | Lair:5   | your +7 spectral quick blade {shortrare=g} barely misses
                  | the yak.
 16701 | Lair:5   | your +7 spectral quick blade {shortrare=g} hits the yak.
 16702 | Lair:5   | your +7 spectral quick blade {shortrare=g} hits the yak!
 16704 | Lair:5   | your +7 spectral quick blade {shortrare=g} closely misses
                  | the black mamba.
 16705 | Lair:5   | your +7 spectral quick blade {shortrare=g} hits the black
                  | mamba!
 16706 | Lair:5   | your +7 spectral quick blade {shortrare=g} hits the yak but
                  | does no damage.
 16707 | Lair:5   | your +7 spectral quick blade {shortrare=g} hits the yak.
 16708 | Lair:5   | your +7 spectral quick blade {shortrare=g} hits the yak.
 16709 | Lair:5   | your +7 spectral quick blade {shortrare=g} hits the yak.
 16710 | Lair:5   | your +7 spectral quick blade {shortrare=g} hits the yak!
 16711 | Lair:5   | your +7 spectral quick blade {shortrare=g} hits the yak.
 16712 | Lair:5   | your +7 spectral quick blade {shortrare=g} hits the yak.
 16713 | Lair:5   | your +7 spectral quick blade {shortrare=g} hits the yak!
 16762 | Lair:5   | Reached skill level 7 in Dodging
 16970 | Lair:6   | Entered Level 6 of the Lair of Beasts
 16982 | Lair:6   | your +7 spectral quick blade {shortrare=g} hits the yak!
 16983 | Lair:6   | your +7 spectral quick blade {shortrare=g} barely misses
                  | the yak.
 16984 | Lair:6   | your +7 spectral quick blade {shortrare=g} hits the yak!
 16984 | Lair:6   | the yak gores your +7 spectral quick blade {shortrare=g}.
 16985 | Lair:6   | your +7 spectral quick blade {shortrare=g} hits the yak!
 16986 | Lair:6   | your +7 spectral quick blade {shortrare=g} hits the yak!
 16992 | Lair:6   | your +7 spectral quick blade {shortrare=g} hits the yak!
 16993 | Lair:6   | your +7 spectral quick blade {shortrare=g} hits the yak.
 17017 | Lair:6   | Identified the +1 leather armour of Impaji {Drain +Blink
                  | rElec rN+++}
 17038 | Lair:6   | your +7 spectral quick blade {shortrare=g} barely misses
                  | the blink frog.
 17039 | Lair:6   | your +7 spectral quick blade {shortrare=g} hits the blink
                  | frog!
 17040 | Lair:6   | Reached skill level 14 in Fighting
 17040 | Lair:6   | Reached skill level 13 in Stealth
 17043 | Lair:6   | your +7 spectral quick blade {shortrare=g} hits the blink
                  | frog.
 17044 | Lair:6   | your +7 spectral quick blade {shortrare=g} hits the blink
                  | frog!
 17046 | Lair:6   | your +7 spectral quick blade {shortrare=g} misses the rime
                  | drake.
 17047 | Lair:6   | your +7 spectral quick blade {shortrare=g} hits the rime
                  | drake!
 17048 | Lair:6   | your +7 spectral quick blade {shortrare=g} barely misses
                  | the rime drake.
 17061 | Lair:6   | your +7 spectral quick blade {shortrare=g} hits the blink
                  | frog!
 17062 | Lair:6   | your +7 spectral quick blade {shortrare=g} completely
                  | misses the blink frog.
 17067 | Lair:6   | your +7 spectral quick blade {shortrare=g} hits the blink
                  | frog!
 17068 | Lair:6   | your +7 spectral quick blade {shortrare=g} misses the blink
                  | frog.
 17069 | Lair:6   | your +7 spectral quick blade {shortrare=g} hits the blink
                  | frog!
 17109 | Lair:6   | your +7 spectral quick blade {shortrare=g} hits the polar
                  | bear!
 17110 | Lair:6   | your +7 spectral quick blade {shortrare=g} hits the polar
                  | bear!
 17111 | Lair:6   | your +7 spectral quick blade {shortrare=g} hits the polar
                  | bear.
 17136 | Lair:6   | Found a viscous altar of Jiyva.
 17136 | Lair:6   | Found a staircase to the Slime Pits.
 17291 | Lair:6   | your +7 spectral quick blade {shortrare=g} hits the black
                  | mamba.
 17292 | Lair:6   | your +7 spectral quick blade {shortrare=g} hits the black
                  | mamba!
 17293 | Lair:6   | your +7 spectral quick blade {shortrare=g} hits the black
                  | mamba!
 17472 | Lair:6   | your +7 spectral quick blade {shortrare=g} hits the water
                  | moccasin.
 17478 | Lair:6   | your +7 spectral quick blade {shortrare=g} hits the hell
                  | rat.
 17479 | Lair:6   | your +7 spectral quick blade {shortrare=g} completely
                  | misses the hell rat.
 17482 | Lair:6   | your +7 spectral quick blade {shortrare=g} hits the
                  | elephant.
 17483 | Lair:6   | your +7 spectral quick blade {shortrare=g} hits the
                  | elephant.
 17484 | Lair:6   | your +7 spectral quick blade {shortrare=g} hits the
                  | elephant.
 17484 | Lair:6   | the elephant tramples your +7 spectral quick blade
                  | {shortrare=g} but does no damage.
 17484 | Lair:6   | the elephant trunk-slaps your +7 spectral quick blade
                  | {shortrare=g} but does no damage.
 17485 | Lair:6   | your +7 spectral quick blade {shortrare=g} hits the
                  | elephant!
 17487 | Lair:6   | your +7 spectral quick blade {shortrare=g} hits the
                  | elephant.
 17488 | Lair:6   | your +7 spectral quick blade {shortrare=g} hits the
                  | elephant.
 17489 | Lair:6   | your +7 spectral quick blade {shortrare=g} hits the
                  | elephant but does no damage.
 17490 | Lair:6   | your +7 spectral quick blade {shortrare=g} hits the
                  | elephant.
 17492 | Lair:6   | your +7 spectral quick blade {shortrare=g} hits the water
                  | moccasin.
 17492 | Lair:6   | the elephant tramples your +7 spectral quick blade
                  | {shortrare=g} but does no damage.
 17492 | Lair:6   | the elephant trunk-slaps your +7 spectral quick blade
                  | {shortrare=g}.
 17493 | Lair:6   | your +7 spectral quick blade {shortrare=g} hits the water
                  | moccasin.
 17493 | Lair:6   | the water moccasin misses your +7 spectral quick blade
                  | {shortrare=g}.
 17495 | Lair:6   | your +7 spectral quick blade {shortrare=g} hits the wolf!
 17495 | Lair:6   | the elephant tramples your +7 spectral quick blade
                  | {shortrare=g} but does no damage.
 17495 | Lair:6   | the elephant trunk-slaps your +7 spectral quick blade
                  | {shortrare=g}.
 17497 | Lair:6   | your +7 spectral quick blade {shortrare=g} closely misses
                  | the wolf.
 17497 | Lair:6   | the wolf closely misses your +7 spectral quick blade
                  | {shortrare=g}.
 17498 | Lair:6   | your +7 spectral quick blade {shortrare=g} hits the wolf!
 17498 | Lair:6   | the elephant closely misses your +7 spectral quick blade
                  | {shortrare=g}.
 17498 | Lair:6   | the elephant trunk-slaps your +7 spectral quick blade
                  | {shortrare=g} but does no damage.
 17499 | Lair:6   | your +7 spectral quick blade {shortrare=g} hits the wolf.
 17499 | Lair:6   | the wolf barely misses your +7 spectral quick blade
                  | {shortrare=g}.
 17501 | Lair:6   | your +7 spectral quick blade {shortrare=g} hits the wolf!
 17501 | Lair:6   | the elephant tramples your +7 spectral quick blade
                  | {shortrare=g}!
 17501 | Lair:6   | your +7 spectral quick blade {shortrare=g} holds its
                  | ground!
 17501 | Lair:6   | the elephant closely misses your +7 spectral quick blade
                  | {shortrare=g}.
 17501 | Lair:6   | the wolf misses your +7 spectral quick blade {shortrare=g}.
 17503 | Lair:6   | your +7 spectral quick blade {shortrare=g} closely misses
                  | the wolf.
 17503 | Lair:6   | the elephant tramples your +7 spectral quick blade
                  | {shortrare=g} but does no damage.
 17503 | Lair:6   | the elephant closely misses your +7 spectral quick blade
                  | {shortrare=g}.
 17504 | Lair:6   | your +7 spectral quick blade {shortrare=g} barely misses
                  | the wolf.
 17504 | Lair:6   | the hell rat barely misses your +7 spectral quick blade
                  | {shortrare=g}.
 17506 | Lair:6   | your +7 spectral quick blade {shortrare=g} hits the hell
                  | rat!
 17507 | Lair:6   | your +7 spectral quick blade {shortrare=g} hits the hell
                  | rat.
 17509 | Lair:6   | your +7 spectral quick blade {shortrare=g} hits the
                  | elephant.
 17510 | Lair:6   | your +7 spectral quick blade {shortrare=g} hits the
                  | elephant.
 17511 | Lair:6   | your +7 spectral quick blade {shortrare=g} hits the
                  | elephant.
 17512 | Lair:6   | your +7 spectral quick blade {shortrare=g} hits the
                  | elephant!
 17513 | Lair:6   | Reached skill level 14 in Stealth
 17526 | Lair:6   | your +7 spectral quick blade {shortrare=g} hits the hell
                  | rat.
 17566 | Lair:6   | your +7 spectral quick blade {shortrare=g} hits the deep
                  | troll shaman!
 17567 | Lair:6   | your +7 spectral quick blade {shortrare=g} misses the deep
                  | troll shaman.
 17568 | Lair:6   | your +7 spectral quick blade {shortrare=g} hits the deep
                  | troll shaman but does no damage.
 17569 | Lair:6   | your +7 spectral quick blade {shortrare=g} hits the deep
                  | troll shaman.
 17609 | Lair:6   | Acquired 678 gold pieces
 17779 | Lair:6   | your +7 spectral quick blade {shortrare=g} hits the death
                  | yak.
 17780 | Lair:6   | your +7 spectral quick blade {shortrare=g} hits the death
                  | yak but does no damage.
 17781 | Lair:6   | your +7 spectral quick blade {shortrare=g} hits the death
                  | yak.
 17782 | Lair:6   | your +7 spectral quick blade {shortrare=g} hits the death
                  | yak!
 17783 | Lair:6   | your +7 spectral quick blade {shortrare=g} hits the death
                  | yak.
 17784 | Lair:6   | your +7 spectral quick blade {shortrare=g} barely misses
                  | the death yak.
 17784 | Lair:6   | the death yak misses your +7 spectral quick blade
                  | {shortrare=g}.
 17785 | Lair:6   | your +7 spectral quick blade {shortrare=g} hits the death
                  | yak but does no damage.
 17786 | Lair:6   | your +7 spectral quick blade {shortrare=g} hits the death
                  | yak but does no damage.
 17787 | Lair:6   | your +7 spectral quick blade {shortrare=g} hits the death
                  | yak.
 17787 | Lair:6   | the death yak gores your +7 spectral quick blade
                  | {shortrare=g}!
 17788 | Lair:6   | your +7 spectral quick blade {shortrare=g} hits the death
                  | yak but does no damage.
 17790 | Lair:6   | Reached skill level 8 in Invocations
 17791 | Lair:6   | your +7 spectral quick blade {shortrare=g} hits the
                  | catoblepas!
 17792 | Lair:6   | your +7 spectral quick blade {shortrare=g} hits the
                  | catoblepas.
 17793 | Lair:6   | your +7 spectral quick blade {shortrare=g} hits the
                  | catoblepas!
 17794 | Lair:6   | your +7 spectral quick blade {shortrare=g} hits the
                  | catoblepas but does no damage.
 17795 | Lair:6   | your +7 spectral quick blade {shortrare=g} hits the death
                  | yak!
 17798 | Lair:6   | your +7 spectral quick blade {shortrare=g} hits the death
                  | yak.
 17800 | Lair:6   | your +7 spectral quick blade {shortrare=g} hits the death
                  | yak!
 17801 | Lair:6   | Reached skill level 15 in Stealth
 17801 | Lair:6   | your +7 spectral quick blade {shortrare=g} hits the death
                  | yak but does no damage.
 17802 | Lair:6   | your +7 spectral quick blade {shortrare=g} closely misses
                  | the death yak.
 17803 | Lair:6   | your +7 spectral quick blade {shortrare=g} hits the death
                  | yak!
 17804 | Lair:6   | your +7 spectral quick blade {shortrare=g} hits the death
                  | yak!
 17805 | Lair:6   | your +7 spectral quick blade {shortrare=g} hits the death
                  | yak.
 17806 | Lair:6   | your +7 spectral quick blade {shortrare=g} hits the death
                  | yak!
 17807 | Lair:6   | your +7 spectral quick blade {shortrare=g} hits the death
                  | yak.
 17808 | Lair:6   | your +7 spectral quick blade {shortrare=g} hits the death
                  | yak.
 17809 | Lair:6   | your +7 spectral quick blade {shortrare=g} hits the death
                  | yak.
 17810 | Lair:6   | your +7 spectral quick blade {shortrare=g} hits the death
                  | yak.
 17811 | Lair:6   | your +7 spectral quick blade {shortrare=g} hits the death
                  | yak.
 17812 | Lair:6   | your +7 spectral quick blade {shortrare=g} hits the death
                  | yak.
 17812 | Lair:6   | the death yak gores your +7 spectral quick blade
                  | {shortrare=g}!
 17813 | Lair:6   | your +7 spectral quick blade {shortrare=g} hits the death
                  | yak!
 17814 | Lair:6   | your +7 spectral quick blade {shortrare=g} hits the death
                  | yak.
 17814 | Lair:6   | the death yak gores your +7 spectral quick blade
                  | {shortrare=g}!
 17865 | Lair:6   | your +7 spectral quick blade {shortrare=g} hits the
                  | lindwurm!
 17865 | Lair:6   | the lindwurm bites your +7 spectral quick blade
                  | {shortrare=g} but does no damage.
 17865 | Lair:6   | the lindwurm barely misses your +7 spectral quick blade
                  | {shortrare=g}.
 17865 | Lair:6   | the lindwurm claws your +7 spectral quick blade
                  | {shortrare=g}.
 17867 | Lair:6   | Reached skill level 9 in Invocations
 17883 | Lair:6   | Identified the ring of the Butterfly {rPois MP+9 Str+2}
 17935 | Lair:6   | You add the spells Summon Forest, Eringya's Noxious Bog and
                  | Summon Hydra to your library.
 18272 | Orc:1    | Entered Level 1 of the Orcish Mines
 18275 | Orc:1    | your +7 spectral quick blade {shortrare=g} hits the orc.
 18277 | Orc:1    | your +7 spectral quick blade {shortrare=g} hits the orc
                  | warrior but does no damage.
 18280 | Orc:1    | your +7 spectral quick blade {shortrare=g} hits the orc!
 18283 | Orc:1    | your +7 spectral quick blade {shortrare=g} hits the orc!
 18284 | Orc:1    | Noticed Urug
 18288 | Orc:1    | your +7 spectral quick blade {shortrare=g} hits the orc
                  | priest!
 18289 | Orc:1    | your +7 spectral quick blade {shortrare=g} hits the orc
                  | warrior!
 18290 | Orc:1    | your +7 spectral quick blade {shortrare=g} hits the orc
                  | warrior!
 18307 | Orc:1    | your +7 spectral quick blade {shortrare=g} hits Urug.
 18307 | Orc:1    | the orc misses your +7 spectral quick blade {shortrare=g}.
 18307 | Orc:1    | the orc misses your +7 spectral quick blade {shortrare=g}.
 18307 | Orc:1    | Urug hits your +7 spectral quick blade {shortrare=g} with a
                  | +2 vorpal battleaxe!!
 18308 | Orc:1    | your +7 spectral quick blade {shortrare=g} hits Urug.
 18309 | Orc:1    | your +7 spectral quick blade {shortrare=g} hits Urug!
 18309 | Orc:1    | the ogre barely misses your +7 spectral quick blade
                  | {shortrare=g}.
 18310 | Orc:1    | Killed Urug
 18315 | Orc:1    | your +7 spectral quick blade {shortrare=g} hits the orc
                  | priest!
 18508 | Orc:2    | Entered Level 2 of the Orcish Mines
 18508 | Orc:2    | Found a runed translucent door.
 18512 | Orc:2    | your +7 spectral quick blade {shortrare=g} hits the orc
                  | priest!
 18513 | Orc:2    | your +7 spectral quick blade {shortrare=g} barely misses
                  | the orc warrior.
 18513 | Orc:2    | the orc warrior hits your +7 spectral quick blade
                  | {shortrare=g} with a +0 flail!
 18524 | Orc:2    | your +7 spectral quick blade {shortrare=g} barely misses
                  | the orc priest.
 18525 | Orc:2    | your +7 spectral quick blade {shortrare=g} hits the orc
                  | priest.
 18528 | Orc:2    | your +7 spectral quick blade {shortrare=g} closely misses
                  | the orc warrior.
 18537 | Orc:2    | Noticed sammy202020's ghost (journeyman DsBe)
 18543 | Orc:2    | your +7 spectral quick blade {shortrare=g} hits the orc
                  | warrior.
 18544 | Orc:2    | your +7 spectral quick blade {shortrare=g} hits the orc
                  | warrior!
 18551 | Orc:2    | your +7 spectral quick blade {shortrare=g} hits the orc
                  | wizard.
 18555 | Orc:2    | your +7 spectral quick blade {shortrare=g} barely misses
                  | the orc warrior.
 18556 | Orc:2    | your +7 spectral quick blade {shortrare=g} hits the orc
                  | warrior.
 18580 | Orc:2    | your +7 spectral quick blade {shortrare=g} barely misses
                  | the orc wizard.
 18583 | Orc:2    | your +7 spectral quick blade {shortrare=g} hits the orc.
 18587 | Orc:2    | your +7 spectral quick blade {shortrare=g} hits the orc
                  | warrior!
 18621 | Orc:1    | Noticed Nergalle
 18622 | Orc:1    | your +7 spectral quick blade {shortrare=g} hits Nergalle!
 18623 | Orc:1    | your +7 spectral quick blade {shortrare=g} hits Nergalle
                  | but does no damage.
 18624 | Orc:1    | your +7 spectral quick blade {shortrare=g} hits Nergalle!
 18625 | Orc:1    | your +7 spectral quick blade {shortrare=g} hits Nergalle
                  | but does no damage.
 18626 | Orc:1    | Killed Nergalle
 18627 | Orc:1    | Reached skill level 16 in Stealth
 18628 | Orc:1    | your +7 spectral quick blade {shortrare=g} hits the gnoll!
 18707 | Orc:2    | your +7 spectral quick blade {shortrare=g} hits the ettin.
 18708 | Orc:2    | your +7 spectral quick blade {shortrare=g} hits the ettin.
 18744 | Orc:1    | your +7 spectral quick blade {shortrare=g} hits the orc
                  | warrior but does no damage.
 18745 | Orc:1    | your +7 spectral quick blade {shortrare=g} hits the orc
                  | warrior but does no damage.
 18745 | Orc:1    | the orc warrior closely misses your +7 spectral quick blade
                  | {shortrare=g}.
 18746 | Orc:1    | your +7 spectral quick blade {shortrare=g} hits the orc
                  | warrior but does no damage.
 18845 | Orc:2    | your +7 spectral quick blade {shortrare=g} hits the orc
                  | warrior!
 18846 | Orc:2    | your +7 spectral quick blade {shortrare=g} hits the orc
                  | warrior.
 18850 | Orc:2    | your +7 spectral quick blade {shortrare=g} hits the orc!
 18856 | Orc:2    | your +7 spectral quick blade {shortrare=g} barely misses
                  | the sun demon.
 18857 | Orc:2    | your +7 spectral quick blade {shortrare=g} hits the sun
                  | demon.
 18858 | Orc:2    | your +7 spectral quick blade {shortrare=g} completely
                  | misses the sun demon.
 18858 | Orc:2    | the orc priest barely misses your +7 spectral quick blade
                  | {shortrare=g}.
 18859 | Orc:2    | your +7 spectral quick blade {shortrare=g} hits the sun
                  | demon.
 18859 | Orc:2    | the sun demon hits your +7 spectral quick blade
                  | {shortrare=g}!
 18859 | Orc:2    | your +7 spectral quick blade {shortrare=g} is engulfed in
                  | flames.
 18859 | Orc:2    | your +7 spectral quick blade {shortrare=g} resists.
 18948 | Orc:2    | your +7 spectral quick blade {shortrare=g} hits the orc
                  | priest.
 18962 | Orc:2    | your +7 spectral quick blade {shortrare=g} hits the orc
                  | wizard.
 18990 | Orc:2    | your +7 spectral quick blade {shortrare=g} hits the orc
                  | high priest!
 18990 | Orc:2    | the orc priest hits your +7 spectral quick blade
                  | {shortrare=g} but does no damage.
 18991 | Orc:2    | your +7 spectral quick blade {shortrare=g} hits the orc
                  | high priest.
 18992 | Orc:2    | your +7 spectral quick blade {shortrare=g} hits the orc
                  | high priest.
 18993 | Orc:2    | your +7 spectral quick blade {shortrare=g} closely misses
                  | the orc high priest.
 18995 | Orc:2    | Reached skill level 17 in Stealth
 18995 | Orc:2    | your +7 spectral quick blade {shortrare=g} hits the orc
                  | priest.
 19004 | Orc:2    | your +7 spectral quick blade {shortrare=g} completely
                  | misses the orc priest.
 19005 | Orc:2    | your +7 spectral quick blade {shortrare=g} hits the orc
                  | priest.
 19009 | Orc:2    | your +7 spectral quick blade {shortrare=g} hits the orc
                  | priest.
 19010 | Orc:2    | your +7 spectral quick blade {shortrare=g} barely misses
                  | the orc priest.
 19011 | Orc:2    | your +7 spectral quick blade {shortrare=g} hits the orc
                  | priest!
 19013 | Orc:2    | your +7 spectral quick blade {shortrare=g} hits the orc
                  | priest!
 19015 | Orc:2    | your +7 spectral quick blade {shortrare=g} hits the orc
                  | high priest!
 19016 | Orc:2    | your +7 spectral quick blade {shortrare=g} hits the orc
                  | high priest.
 19017 | Orc:2    | your +7 spectral quick blade {shortrare=g} hits the orc
                  | high priest.
 19019 | Orc:2    | your +7 spectral quick blade {shortrare=g} hits the ogre!
 19026 | Orc:2    | your +7 spectral quick blade {shortrare=g} hits the orc
                  | warrior.
 19027 | Orc:2    | your +7 spectral quick blade {shortrare=g} hits the orc
                  | warrior!
 19029 | Orc:2    | your +7 spectral quick blade {shortrare=g} hits the orc
                  | priest.
 19036 | Orc:2    | your +7 spectral quick blade {shortrare=g} hits the orc
                  | warrior!
 19036 | Orc:2    | the orc warrior completely misses your +7 spectral quick
                  | blade {shortrare=g}.
 19038 | Orc:2    | your +7 spectral quick blade {shortrare=g} completely
                  | misses the orc wizard.
 19039 | Orc:2    | your +7 spectral quick blade {shortrare=g} hits the orc
                  | wizard.
 19044 | Orc:2    | your +7 spectral quick blade {shortrare=g} hits the orc
                  | warrior!
 19045 | Orc:2    | your +7 spectral quick blade {shortrare=g} barely misses
                  | the orc warrior.
 19046 | Orc:2    | your +7 spectral quick blade {shortrare=g} completely
                  | misses the orc warrior.
 19048 | Orc:2    | your +7 spectral quick blade {shortrare=g} hits the orc
                  | sorcerer.
 19049 | Orc:2    | your +7 spectral quick blade {shortrare=g} hits the orc
                  | sorcerer.
 19052 | Orc:2    | your +7 spectral quick blade {shortrare=g} hits the ice
                  | devil!
 19052 | Orc:2    | the ice devil hits your +7 spectral quick blade
                  | {shortrare=g}.
 19052 | Orc:2    | the ice devil freezes your +7 spectral quick blade
                  | {shortrare=g}.
 19052 | Orc:2    | your +7 spectral quick blade {shortrare=g} resists.
 19053 | Orc:2    | your +7 spectral quick blade {shortrare=g} closely misses
                  | the ice devil.
 19054 | Orc:2    | your +7 spectral quick blade {shortrare=g} completely
                  | misses the ice devil.
 19055 | Orc:2    | your +7 spectral quick blade {shortrare=g} hits the ice
                  | devil but does no damage.
 19056 | Orc:2    | your +7 spectral quick blade {shortrare=g} hits the ice
                  | devil.
 19058 | Orc:2    | your +7 spectral quick blade {shortrare=g} hits the orc
                  | high priest!
 19059 | Orc:2    | your +7 spectral quick blade {shortrare=g} closely misses
                  | the orc high priest.
 19060 | Orc:2    | your +7 spectral quick blade {shortrare=g} hits the orc
                  | high priest!
 19060 | Orc:2    | the orc high priest hits your +7 spectral quick blade
                  | {shortrare=g} with a +0 trident.
 19074 | Orc:2    | Found Peezyqaxt's Antique Weapon Shop.
 19074 | Orc:2    | Found Zatt's Antique Weapon Boutique.
 19074 | Orc:2    | Found Hojy's Weapon Shop.
 19077 | Orc:2    | your +7 spectral quick blade {shortrare=g} hits the orc
                  | priest!
 19080 | Orc:2    | Found Fanem's Antique Weapon Boutique.
 19098 | Orc:2    | your +7 spectral quick blade {shortrare=g} hits the orc
                  | wizard.
 19131 | Orc:2    | Found a staircase to the Elven Halls.
 19141 | Orc:2    | your +7 spectral quick blade {shortrare=g} hits the warg.
 19142 | Orc:2    | your +7 spectral quick blade {shortrare=g} hits the warg!
 19144 | Orc:2    | Reached skill level 18 in Stealth
 19156 | Orc:2    | your +7 spectral quick blade {shortrare=g} hits the orc
                  | warrior!
 19156 | Orc:2    | the orc warrior closely misses your +7 spectral quick blade
                  | {shortrare=g}.
 19157 | Orc:2    | your +7 spectral quick blade {shortrare=g} misses the orc
                  | warrior.
 19158 | Orc:2    | your +7 spectral quick blade {shortrare=g} hits the orc
                  | warrior.
 19159 | Orc:2    | your +7 spectral quick blade {shortrare=g} hits the orc
                  | warrior.
 19159 | Orc:2    | the orc warrior hits your +7 spectral quick blade
                  | {shortrare=g} with a +0 hand axe.
 19161 | Orc:2    | your +7 spectral quick blade {shortrare=g} hits the orc
                  | wizard.
 19161 | Orc:2    | the orc priest hits your +7 spectral quick blade
                  | {shortrare=g} but does no damage.
 19164 | Orc:2    | your +7 spectral quick blade {shortrare=g} hits the orc
                  | priest.
 19165 | Orc:2    | your +7 spectral quick blade {shortrare=g} hits the orc
                  | priest!
 19165 | Orc:2    | the orc warrior hits your +7 spectral quick blade
                  | {shortrare=g} with a +0 dire flail!!
 19167 | Orc:2    | your +7 spectral quick blade {shortrare=g} hits the orc
                  | warrior.
 19173 | Orc:2    | your +7 spectral quick blade {shortrare=g} hits the orc
                  | warrior.
 19176 | Orc:2    | your +7 spectral quick blade {shortrare=g} hits the orc
                  | warrior!
 19196 | Orc:2    | Found Ecirchuq's Magic Scroll Shoppe.
 19205 | Orc:2    | Bought a scroll of summoning for 123 gold pieces
 19205 | Orc:2    | Bought a scroll of blinking for 97 gold pieces
 19217 | Orc:2    | your +7 spectral quick blade {shortrare=g} hits the orc
                  | priest.
 19218 | Orc:2    | your +7 spectral quick blade {shortrare=g} hits the orc
                  | warrior.
 19219 | Orc:2    | your +7 spectral quick blade {shortrare=g} hits the orc
                  | warrior.
 19229 | Orc:2    | your +7 spectral quick blade {shortrare=g} barely misses
                  | the orc warrior.
 19229 | Orc:2    | the orc warrior misses your +7 spectral quick blade
                  | {shortrare=g}.
 19230 | Orc:2    | your +7 spectral quick blade {shortrare=g} hits the orc
                  | warrior.
 19231 | Orc:2    | your +7 spectral quick blade {shortrare=g} hits the orc
                  | warrior.
 19231 | Orc:2    | the orc warrior hits your +7 spectral quick blade
                  | {shortrare=g} with a +0 war axe.
 19233 | Orc:2    | your +7 spectral quick blade {shortrare=g} hits the orc
                  | knight.
 19234 | Orc:2    | your +7 spectral quick blade {shortrare=g} hits the orc
                  | knight but does no damage.
 19234 | Orc:2    | the orc knight closely misses your +7 spectral quick blade
                  | {shortrare=g}.
 19235 | Orc:2    | your +7 spectral quick blade {shortrare=g} hits the orc
                  | knight but does no damage.
 19236 | Orc:2    | your +7 spectral quick blade {shortrare=g} hits the orc
                  | knight.
 19236 | Orc:2    | the orc knight closely misses your +7 spectral quick blade
                  | {shortrare=g}.
 19237 | Orc:2    | your +7 spectral quick blade {shortrare=g} hits the orc
                  | knight but does no damage.
 19238 | Orc:2    | your +7 spectral quick blade {shortrare=g} hits the orc
                  | knight!
 19241 | Orc:2    | your +7 spectral quick blade {shortrare=g} misses the orc
                  | high priest.
 19242 | Orc:2    | your +7 spectral quick blade {shortrare=g} closely misses
                  | the orc high priest.
 19243 | Orc:2    | your +7 spectral quick blade {shortrare=g} hits the orc
                  | high priest.
 19245 | Orc:2    | your +7 spectral quick blade {shortrare=g} hits the orc
                  | sorcerer!
 19246 | Orc:2    | your +7 spectral quick blade {shortrare=g} hits the orc
                  | sorcerer but does no damage.
 19246 | Orc:2    | the orc sorcerer closely misses your +7 spectral quick
                  | blade {shortrare=g}.
 19302 | Orc:2    | your +7 spectral quick blade {shortrare=g} hits the troll!
 19303 | Orc:2    | your +7 spectral quick blade {shortrare=g} barely misses
                  | the troll.
 19304 | Orc:2    | your +7 spectral quick blade {shortrare=g} hits the troll!
 19355 | Orc:2    | your +7 spectral quick blade {shortrare=g} hits the orc
                  | warrior.
 19356 | Orc:2    | your +7 spectral quick blade {shortrare=g} hits the orc
                  | warrior but does no damage.
 19363 | Orc:2    | your +7 spectral quick blade {shortrare=g} hits the ogre!
 19365 | Orc:2    | Reached XP level 15. HP: 71/79 MP: 22/22
 19727 | D:11     | your +7 spectral quick blade {shortrare=g} hits the
                  | skeletal warrior but does no damage.
 19728 | D:11     | your +7 spectral quick blade {shortrare=g} hits the
                  | skeletal warrior!
 19728 | D:11     | the skeletal warrior hits your +7 spectral quick blade
                  | {shortrare=g} with a +0 dire flail!!
 19729 | D:11     | your +7 spectral quick blade {shortrare=g} hits the
                  | skeletal warrior.
 19730 | D:11     | your +7 spectral quick blade {shortrare=g} completely
                  | misses the skeletal warrior.
 19731 | D:11     | your +7 spectral quick blade {shortrare=g} hits the
                  | skeletal warrior!
 19731 | D:11     | the skeletal warrior closely misses your +7 spectral quick
                  | blade {shortrare=g}.
 19732 | D:11     | your +7 spectral quick blade {shortrare=g} closely misses
                  | the skeletal warrior.
 19734 | D:11     | Reached skill level 19 in Stealth
 19736 | D:11     | your +7 spectral quick blade {shortrare=g} hits the
                  | skeletal warrior but does no damage.
 19737 | D:11     | your +7 spectral quick blade {shortrare=g} hits the
                  | skeletal warrior but does no damage.
 19738 | D:11     | your +7 spectral quick blade {shortrare=g} hits the
                  | skeletal warrior.
 19739 | D:11     | your +7 spectral quick blade {shortrare=g} completely
                  | misses the skeletal warrior.
 19740 | D:11     | your +7 spectral quick blade {shortrare=g} hits the
                  | skeletal warrior but does no damage.
 19740 | D:11     | the skeletal warrior hits your +7 spectral quick blade
                  | {shortrare=g} with a +0 short sword!
 19741 | D:11     | your +7 spectral quick blade {shortrare=g} hits the
                  | skeletal warrior but does no damage.
 19744 | D:11     | your +7 spectral quick blade {shortrare=g} hits the
                  | skeletal warrior but does no damage.
 19745 | D:11     | your +7 spectral quick blade {shortrare=g} hits the
                  | skeletal warrior.
 19746 | D:11     | your +7 spectral quick blade {shortrare=g} barely misses
                  | the skeletal warrior.
 19747 | D:11     | your +7 spectral quick blade {shortrare=g} hits the
                  | skeletal warrior!
 19747 | D:11     | HP: 16/79 [skeletal warrior/+0 trident (11)]
 19936 | D:11     | your +7 spectral quick blade {shortrare=g} hits the
                  | skeletal warrior!
 19937 | D:11     | your +7 spectral quick blade {shortrare=g} hits the
                  | skeletal warrior but does no damage.
 19938 | D:11     | your +7 spectral quick blade {shortrare=g} hits the
                  | skeletal warrior.
 19939 | D:11     | your +7 spectral quick blade {shortrare=g} hits the
                  | skeletal warrior!
 19940 | D:11     | your +7 spectral quick blade {shortrare=g} hits the
                  | skeletal warrior but does no damage.
 19941 | D:11     | your +7 spectral quick blade {shortrare=g} hits the
                  | skeletal warrior!
 19942 | D:11     | your +7 spectral quick blade {shortrare=g} hits the
                  | skeletal warrior but does no damage.
 19943 | D:11     | your +7 spectral quick blade {shortrare=g} hits the
                  | skeletal warrior!
 19946 | D:11     | your +7 spectral quick blade {shortrare=g} hits the
                  | skeletal warrior!
 19947 | D:11     | your +7 spectral quick blade {shortrare=g} hits the
                  | skeletal warrior but does no damage.
 19948 | D:11     | your +7 spectral quick blade {shortrare=g} closely misses
                  | the skeletal warrior.
 19949 | D:11     | your +7 spectral quick blade {shortrare=g} hits the
                  | skeletal warrior.
 19949 | D:11     | the skeletal warrior hits your +7 spectral quick blade
                  | {shortrare=g} with a +0 trident!!
 19950 | D:11     | your +7 spectral quick blade {shortrare=g} closely misses
                  | the skeletal warrior.
 19951 | D:11     | your +7 spectral quick blade {shortrare=g} hits the
                  | skeletal warrior!
 19953 | D:11     | your +7 spectral quick blade {shortrare=g} hits the
                  | skeletal warrior but does no damage.
 19954 | D:11     | your +7 spectral quick blade {shortrare=g} hits the
                  | skeletal warrior.
 19955 | D:11     | your +7 spectral quick blade {shortrare=g} hits the
                  | skeletal warrior.
 19956 | D:11     | your +7 spectral quick blade {shortrare=g} barely misses
                  | the skeletal warrior.
 19957 | D:11     | your +7 spectral quick blade {shortrare=g} hits the
                  | skeletal warrior!
 19958 | D:11     | your +7 spectral quick blade {shortrare=g} completely
                  | misses the skeletal warrior.
 19959 | D:11     | your +7 spectral quick blade {shortrare=g} hits the
                  | skeletal warrior!
 20136 | D:11     | your +7 spectral quick blade {shortrare=g} hits the orc
                  | warrior.
 20137 | D:11     | your +7 spectral quick blade {shortrare=g} hits the orc
                  | warrior.
 20138 | D:11     | your +7 spectral quick blade {shortrare=g} hits the orc
                  | warrior.
 20140 | D:11     | Reached skill level 20 in Stealth
 20280 | D:12     | your +7 spectral quick blade {shortrare=g} completely
                  | misses the troll.
 20281 | D:12     | your +7 spectral quick blade {shortrare=g} hits the troll.
 20300 | D:12     | your +7 spectral quick blade {shortrare=g} hits the deep
                  | elf pyromancer.
 20301 | D:12     | your +7 spectral quick blade {shortrare=g} hits the deep
                  | elf pyromancer.
 20302 | D:12     | your +7 spectral quick blade {shortrare=g} hits the deep
                  | elf pyromancer.
 20307 | D:12     | your +7 spectral quick blade {shortrare=g} hits the troll.
 20308 | D:12     | your +7 spectral quick blade {shortrare=g} hits the troll!
 20309 | D:12     | your +7 spectral quick blade {shortrare=g} hits the troll!
 20356 | D:12     | your +7 spectral quick blade {shortrare=g} hits the boulder
                  | beetle but does no damage.
 20357 | D:12     | your +7 spectral quick blade {shortrare=g} hits the boulder
                  | beetle.
 20358 | D:12     | your +7 spectral quick blade {shortrare=g} hits the boulder
                  | beetle!
 20359 | D:12     | your +7 spectral quick blade {shortrare=g} hits the boulder
                  | beetle.
 20360 | D:12     | your +7 spectral quick blade {shortrare=g} hits the boulder
                  | beetle but does no damage.
 20361 | D:12     | your +7 spectral quick blade {shortrare=g} hits the boulder
                  | beetle but does no damage.
 20362 | D:12     | your +7 spectral quick blade {shortrare=g} hits the boulder
                  | beetle but does no damage.
 20363 | D:12     | your +7 spectral quick blade {shortrare=g} hits the boulder
                  | beetle!
 20364 | D:12     | your +7 spectral quick blade {shortrare=g} hits the boulder
                  | beetle!
 20365 | D:12     | your +7 spectral quick blade {shortrare=g} hits the boulder
                  | beetle but does no damage.
 20366 | D:12     | your +7 spectral quick blade {shortrare=g} hits the boulder
                  | beetle.
 20403 | D:12     | your +7 spectral quick blade {shortrare=g} hits the
                  | manticore.
 20404 | D:12     | your +7 spectral quick blade {shortrare=g} hits the
                  | manticore!
 20716 | D:12     | your +7 spectral quick blade {shortrare=g} hits the
                  | cyclops.
 20717 | D:12     | your +7 spectral quick blade {shortrare=g} hits the
                  | cyclops!
 20718 | D:12     | your +7 spectral quick blade {shortrare=g} hits the
                  | cyclops.
 20719 | D:12     | your +7 spectral quick blade {shortrare=g} hits the
                  | cyclops!
 21029 | D:13     | Noticed Sonja
 21033 | D:13     | Killed Sonja
 21083 | D:13     | your +7 spectral quick blade {shortrare=g} completely
                  | misses the two-headed ogre.
 21084 | D:13     | your +7 spectral quick blade {shortrare=g} hits the
                  | two-headed ogre.
 21085 | D:13     | your +7 spectral quick blade {shortrare=g} hits the
                  | two-headed ogre!
 21097 | D:13     | your +7 spectral quick blade {shortrare=g} hits the deep
                  | elf pyromancer!
 21098 | D:13     | your +7 spectral quick blade {shortrare=g} barely misses
                  | the deep elf pyromancer.
 21099 | D:13     | your +7 spectral quick blade {shortrare=g} hits the deep
                  | elf pyromancer.
 21100 | D:13     | Reached skill level 21 in Stealth
 21102 | D:13     | your +7 spectral quick blade {shortrare=g} hits the
                  | manticore.
 21103 | D:13     | your +7 spectral quick blade {shortrare=g} hits the
                  | manticore!
 21122 | D:13     | your +7 spectral quick blade {shortrare=g} hits the
                  | skeletal warrior but does no damage.
 21122 | D:13     | the skeletal warrior hits your +7 spectral quick blade
                  | {shortrare=g} with a +0 battleaxe!
 21123 | D:13     | your +7 spectral quick blade {shortrare=g} closely misses
                  | the skeletal warrior.
 21124 | D:13     | your +7 spectral quick blade {shortrare=g} barely misses
                  | the skeletal warrior.
 21124 | D:13     | the skeletal warrior barely misses your +7 spectral quick
                  | blade {shortrare=g}.
 21125 | D:13     | your +7 spectral quick blade {shortrare=g} hits the
                  | skeletal warrior but does no damage.
 21126 | D:13     | your +7 spectral quick blade {shortrare=g} hits the
                  | skeletal warrior but does no damage.
 21127 | D:13     | your +7 spectral quick blade {shortrare=g} hits the
                  | skeletal warrior!
 21127 | D:13     | the skeletal warrior hits your +7 spectral quick blade
                  | {shortrare=g} with a +0 battleaxe.
 21128 | D:13     | your +7 spectral quick blade {shortrare=g} hits the
                  | skeletal warrior but does no damage.
 21129 | D:13     | your +7 spectral quick blade {shortrare=g} hits the
                  | skeletal warrior!
 21135 | D:13     | your +7 spectral quick blade {shortrare=g} hits the
                  | skeletal warrior but does no damage.
 21136 | D:13     | your +7 spectral quick blade {shortrare=g} hits the
                  | skeletal warrior.
 21137 | D:13     | your +7 spectral quick blade {shortrare=g} hits the
                  | skeletal warrior.
 21137 | D:13     | the skeletal warrior hits your +7 spectral quick blade
                  | {shortrare=g} with a +0 hand axe!
 21138 | D:13     | your +7 spectral quick blade {shortrare=g} completely
                  | misses the skeletal warrior.
 21139 | D:13     | your +7 spectral quick blade {shortrare=g} hits the
                  | skeletal warrior but does no damage.
 21139 | D:13     | the skeletal warrior hits your +7 spectral quick blade
                  | {shortrare=g} with a +0 hand axe.
 21140 | D:13     | your +7 spectral quick blade {shortrare=g} hits the
                  | skeletal warrior but does no damage.
 21141 | D:13     | your +7 spectral quick blade {shortrare=g} hits the
                  | skeletal warrior but does no damage.
 21144 | D:13     | your +7 spectral quick blade {shortrare=g} hits the
                  | skeletal warrior but does no damage.
 21145 | D:13     | your +7 spectral quick blade {shortrare=g} hits the
                  | skeletal warrior.
 21146 | D:13     | your +7 spectral quick blade {shortrare=g} barely misses
                  | the skeletal warrior.
 21147 | D:13     | your +7 spectral quick blade {shortrare=g} hits the
                  | skeletal warrior.
 21148 | D:13     | your +7 spectral quick blade {shortrare=g} hits the
                  | skeletal warrior.
 21148 | D:13     | the skeletal warrior hits your +7 spectral quick blade
                  | {shortrare=g} with a +0 mace!
 21149 | D:13     | your +7 spectral quick blade {shortrare=g} hits the
                  | skeletal warrior but does no damage.
 21252 | D:13     | You pick up a book of Hexes and begin reading...
 21252 | D:13     | You add the spells Inner Flame, Cause Fear and Discord to
                  | your library.
 21377 | D:13     | your +7 spectral quick blade {shortrare=g} hits the slime
                  | creature!
 21380 | D:13     | your +7 spectral quick blade {shortrare=g} hits the slime
                  | creature!
 21381 | D:13     | your +7 spectral quick blade {shortrare=g} hits the slime
                  | creature!
 21382 | D:13     | your +7 spectral quick blade {shortrare=g} hits the slime
                  | creature!
 21405 | D:13     | your +7 spectral quick blade {shortrare=g} hits the centaur
                  | but does no damage.
 21595 | D:13     | your +7 spectral quick blade {shortrare=g} hits the wraith!
 21596 | D:13     | your +7 spectral quick blade {shortrare=g} hits the wraith
                  | but does no damage.
 21761 | D:14     | your +7 spectral quick blade {shortrare=g} hits the vampire
                  | mosquito!
 21762 | D:14     | Reached skill level 8 in Dodging
 21762 | D:14     | your +7 spectral quick blade {shortrare=g} hits the vampire
                  | mosquito!
 21763 | D:14     | your +7 spectral quick blade {shortrare=g} hits the vampire
                  | mosquito!
 21765 | D:14     | your +7 spectral quick blade {shortrare=g} closely misses
                  | the basilisk.
 21767 | D:14     | your +7 spectral quick blade {shortrare=g} hits the vampire
                  | mosquito!
 21829 | D:14     | Identified the +0 robe of the Other World {rPois}
 21842 | D:14     | your +7 spectral quick blade {shortrare=g} hits the
                  | electric eel!
 21843 | D:14     | your +7 spectral quick blade {shortrare=g} closely misses
                  | the electric eel.
 21848 | D:14     | your +7 spectral quick blade {shortrare=g} hits the water
                  | elemental!
 21944 | D:14     | Acquired 524 gold pieces
 21999 | D:14     | your +7 spectral quick blade {shortrare=g} hits the slime
                  | creature!
 22000 | D:14     | your +7 spectral quick blade {shortrare=g} hits the slime
                  | creature.
 22001 | D:14     | your +7 spectral quick blade {shortrare=g} hits the slime
                  | creature!
 22002 | D:14     | your +7 spectral quick blade {shortrare=g} hits the vampire
                  | mosquito!
 22003 | D:14     | your +7 spectral quick blade {shortrare=g} closely misses
                  | the vampire mosquito.
 22004 | D:14     | your +7 spectral quick blade {shortrare=g} hits the vampire
                  | mosquito.
 22025 | D:14     | Found a gate to the Vaults.
 22033 | D:14     | your +7 spectral quick blade {shortrare=g} hits the
                  | ironbound preserver!
 22078 | D:14     | Found a transporter.
 22097 | D:14     | Found a bloodstained altar of Trog.
 22106 | D:14     | Found a transporter.
 22108 | D:14     | Noticed Jappaos's ghost (journeyman GnWn)
 22189 | D:14     | your +7 spectral quick blade {shortrare=g} hits the
                  | manticore.
 22190 | D:14     | your +7 spectral quick blade {shortrare=g} hits the
                  | manticore but does no damage.
 22191 | D:14     | your +7 spectral quick blade {shortrare=g} hits the
                  | manticore.
 22265 | D:14     | You pick up a book of Transfigurations {@e2} and begin
                  | reading...
 22265 | D:14     | You add the spells Irradiate and Dragon Form to your
                  | library.
 22325 | D:14     | your +7 spectral quick blade {shortrare=g} barely misses
                  | the water elemental.
 22388 | D:14     | your +7 spectral quick blade {shortrare=g} hits the
                  | two-headed ogre.
 22388 | D:14     | the two-headed ogre hits your +7 spectral quick blade
                  | {shortrare=g} with a +0 giant spiked club!!
 22388 | D:14     | the two-headed ogre closely misses your +7 spectral quick
                  | blade {shortrare=g}.
 22389 | D:14     | your +7 spectral quick blade {shortrare=g} hits the
                  | two-headed ogre!
 22391 | D:14     | Reached skill level 9 in Dodging
 22391 | D:14     | your +7 spectral quick blade {shortrare=g} barely misses
                  | the deep troll.
 22391 | D:14     | the two-headed ogre completely misses your +7 spectral
                  | quick blade {shortrare=g}.
 22391 | D:14     | the two-headed ogre hits your +7 spectral quick blade
                  | {shortrare=g} with a +0 giant club!
 22393 | D:14     | your +7 spectral quick blade {shortrare=g} hits the
                  | two-headed ogre!
 22394 | D:14     | your +7 spectral quick blade {shortrare=g} hits the
                  | two-headed ogre.
 22396 | D:14     | your +7 spectral quick blade {shortrare=g} hits the
                  | two-headed ogre!
 22396 | D:14     | the moth of wrath bites your +7 spectral quick blade
                  | {shortrare=g}!!
 22397 | D:14     | your +7 spectral quick blade {shortrare=g} hits the
                  | two-headed ogre.
 22400 | D:14     | your +7 spectral quick blade {shortrare=g} hits the moth of
                  | wrath!
 22401 | D:14     | your +7 spectral quick blade {shortrare=g} hits the moth of
                  | wrath!
 22401 | D:14     | the moth of wrath misses your +7 spectral quick blade
                  | {shortrare=g}.
 22402 | D:14     | your +7 spectral quick blade {shortrare=g} hits the moth of
                  | wrath!
 22403 | D:14     | your +7 spectral quick blade {shortrare=g} hits the ettin!
 22403 | D:14     | HP: 5/79 [ettin/+0 antimagic giant spiked club (43)]
 22550 | D:14     | your +7 spectral quick blade {shortrare=g} hits the orc
                  | knight.
 22551 | D:14     | your +7 spectral quick blade {shortrare=g} hits the orc
                  | knight but does no damage.
 22551 | D:14     | the orc knight barely misses your +7 spectral quick blade
                  | {shortrare=g}.
 22552 | D:14     | your +7 spectral quick blade {shortrare=g} hits the orc
                  | knight!
 22553 | D:14     | your +7 spectral quick blade {shortrare=g} hits the orc
                  | knight but does no damage.
 22557 | D:14     | your +7 spectral quick blade {shortrare=g} hits Jappaos's
                  | ghost but does no damage.
 22558 | D:14     | your +7 spectral quick blade {shortrare=g} barely misses
                  | Jappaos's ghost.
 22559 | D:14     | your +7 spectral quick blade {shortrare=g} hits Jappaos's
                  | ghost.
 22560 | D:14     | your +7 spectral quick blade {shortrare=g} hits Jappaos's
                  | ghost.
 22561 | D:14     | your +7 spectral quick blade {shortrare=g} hits Jappaos's
                  | ghost.
 22570 | D:14     | your +7 spectral quick blade {shortrare=g} hits Jappaos's
                  | ghost.
 22571 | D:14     | your +7 spectral quick blade {shortrare=g} barely misses
                  | Jappaos's ghost.
 22572 | D:14     | your +7 spectral quick blade {shortrare=g} hits Jappaos's
                  | ghost.
 22573 | D:14     | your +7 spectral quick blade {shortrare=g} completely
                  | misses Jappaos's ghost.
 22574 | D:14     | your +7 spectral quick blade {shortrare=g} hits Jappaos's
                  | ghost but does no damage.
 22575 | D:14     | your +7 spectral quick blade {shortrare=g} hits Jappaos's
                  | ghost!
 22576 | D:14     | your +7 spectral quick blade {shortrare=g} hits Jappaos's
                  | ghost.
 22576 | D:14     | Killed Jappaos's ghost
 22578 | D:14     | Identified the +1 leather armour "Xodo" {Str+4}
 22579 | D:14     | Identified the +1 pair of gloves "Yhobaowo" {Fly rF+ Dex+2}
 22904 | D:8      | You add the spells Summon Small Mammal, Beastly Appendage,
                  | Call Canine Familiar and Spider Form to your library.
 22904 | D:8      | Got the Grimoire of Nature
 22939 | D:8      | your +7 spectral quick blade {shortrare=g} hits
                  | YayAnonymity's ghost!
 22940 | D:8      | your +7 spectral quick blade {shortrare=g} hits
                  | YayAnonymity's ghost but does no damage.
 22941 | D:8      | your +7 spectral quick blade {shortrare=g} hits
                  | YayAnonymity's ghost.
 22942 | D:8      | your +7 spectral quick blade {shortrare=g} hits
                  | YayAnonymity's ghost but does no damage.
 22943 | D:8      | your +7 spectral quick blade {shortrare=g} hits
                  | YayAnonymity's ghost.
 22944 | D:8      | your +7 spectral quick blade {shortrare=g} hits
                  | YayAnonymity's ghost!
 22945 | D:8      | your +7 spectral quick blade {shortrare=g} hits
                  | YayAnonymity's ghost but does no damage.
 22946 | D:8      | your +7 spectral quick blade {shortrare=g} hits
                  | YayAnonymity's ghost.
 22946 | D:8      | YayAnonymity's ghost hits your +7 spectral quick blade
                  | {shortrare=g}!
 22947 | D:8      | Killed YayAnonymity's ghost
 23013 | D:9      | your +7 spectral quick blade {shortrare=g} hits the
                  | neqoxec.
 23014 | D:9      | your +7 spectral quick blade {shortrare=g} hits the
                  | neqoxec!
 23017 | D:9      | your +7 spectral quick blade {shortrare=g} hits the
                  | obsidian statue but does no damage.
 23018 | D:9      | your +7 spectral quick blade {shortrare=g} hits the
                  | obsidian statue but does no damage.
 23019 | D:9      | your +7 spectral quick blade {shortrare=g} hits the
                  | obsidian statue.
 23020 | D:9      | your +7 spectral quick blade {shortrare=g} hits the
                  | obsidian statue but does no damage.
 23282 | Lair:6   | your +7 spectral quick blade {shortrare=g} hits the plant!
 23293 | Lair:6   | your +7 spectral quick blade {shortrare=g} hits the fungus!
 23318 | Lair:6   | your +7 spectral quick blade {shortrare=g} hits the bush
                  | but does no damage.
 23617 | D:15     | Entered Level 15 of the Dungeon
 23621 | D:15     | your +7 spectral quick blade {shortrare=g} hits the
                  | five-headed hydra!
 23622 | D:15     | your +7 spectral quick blade {shortrare=g} closely misses
                  | the five-headed hydra.
 23623 | D:15     | your +7 spectral quick blade {shortrare=g} hits the
                  | five-headed hydra!
 23623 | D:15     | the five-headed hydra bites your +7 spectral quick blade
                  | {shortrare=g}.
 23623 | D:15     | the five-headed hydra bites your +7 spectral quick blade
                  | {shortrare=g}!
 23623 | D:15     | the five-headed hydra bites your +7 spectral quick blade
                  | {shortrare=g}!
 23626 | D:15     | your +7 spectral quick blade {shortrare=g} hits the deep
                  | elf zephyrmancer.
 23636 | D:15     | your +7 spectral quick blade {shortrare=g} hits the
                  | necromancer!
 23637 | D:15     | your +7 spectral quick blade {shortrare=g} hits the
                  | necromancer!
 23638 | D:15     | Reached skill level 10 in Dodging
 23675 | D:15     | your +7 spectral quick blade {shortrare=g} hits the tengu
                  | warrior but does no damage.
 23676 | D:15     | your +7 spectral quick blade {shortrare=g} hits the tengu
                  | warrior!
 23677 | D:15     | the tengu warrior blocks your +7 spectral quick blade
                  | {shortrare=g}'s attack.
 23678 | D:15     | the tengu warrior blocks your +7 spectral quick blade
                  | {shortrare=g}'s attack.
 23679 | D:15     | your +7 spectral quick blade {shortrare=g} misses the tengu
                  | warrior.
 23680 | D:15     | your +7 spectral quick blade {shortrare=g} hits the tengu
                  | warrior!
 23680 | D:15     | the tengu warrior hits your +7 spectral quick blade
                  | {shortrare=g} with a +0 long sword!
 23680 | D:15     | the tengu warrior barely misses your +7 spectral quick
                  | blade {shortrare=g}.
 23680 | D:15     | the tengu warrior claws your +7 spectral quick blade
                  | {shortrare=g}.
 23682 | D:15     | your +7 spectral quick blade {shortrare=g} hits the ettin!
 23683 | D:15     | your +7 spectral quick blade {shortrare=g} hits the ettin!
 23684 | D:15     | your +7 spectral quick blade {shortrare=g} hits the ettin.
 23690 | D:15     | Found a staircase to the Depths.
 23763 | D:15     | Found the +2 hat of the Bear Spirit {Spirit, *Rage Will++}
 23768 | D:15     | your +7 spectral quick blade {shortrare=g} barely misses
                  | the cyan ugly thing.
 23768 | D:15     | the cyan ugly thing bites your +7 spectral quick blade
                  | {shortrare=g}!
 23768 | D:15     | the cyan ugly thing shocks your +7 spectral quick blade
                  | {shortrare=g}.
 23768 | D:15     | your +7 spectral quick blade {shortrare=g} resists.
 23769 | D:15     | your +7 spectral quick blade {shortrare=g} hits the brown
                  | ugly thing.
 23770 | D:15     | your +7 spectral quick blade {shortrare=g} hits the brown
                  | ugly thing!
 23771 | D:15     | your +7 spectral quick blade {shortrare=g} hits the brown
                  | ugly thing!
 23784 | D:15     | your +7 spectral quick blade {shortrare=g} hits the cyan
                  | ugly thing!
 23785 | D:15     | your +7 spectral quick blade {shortrare=g} barely misses
                  | the cyan ugly thing.
 23792 | D:15     | your +7 spectral quick blade {shortrare=g} hits the ogre
                  | mage!
 23793 | D:15     | your +7 spectral quick blade {shortrare=g} hits the ogre
                  | mage.
 23794 | D:15     | your +7 spectral quick blade {shortrare=g} hits the
                  | two-headed ogre!
 23795 | D:15     | your +7 spectral quick blade {shortrare=g} hits the
                  | two-headed ogre!
 23796 | D:15     | your +7 spectral quick blade {shortrare=g} hits the
                  | two-headed ogre!
 23798 | D:15     | Reached skill level 5 in Shields
 23798 | D:15     | Reached XP level 16. HP: 76/83 MP: 23/23
 23798 | D:15     | your +7 spectral quick blade {shortrare=g} hits the
                  | two-headed ogre!
 23800 | D:15     | your +7 spectral quick blade {shortrare=g} hits the
                  | two-headed ogre.
 23801 | D:15     | your +7 spectral quick blade {shortrare=g} barely misses
                  | the two-headed ogre.
 23802 | D:15     | your +7 spectral quick blade {shortrare=g} hits the
                  | two-headed ogre.
 23805 | D:15     | your +7 spectral quick blade {shortrare=g} hits the
                  | two-headed ogre!
 23806 | D:15     | your +7 spectral quick blade {shortrare=g} hits the
                  | two-headed ogre but does no damage.
 23807 | D:15     | your +7 spectral quick blade {shortrare=g} hits the
                  | two-headed ogre!
 23808 | D:15     | your +7 spectral quick blade {shortrare=g} hits the
                  | two-headed ogre.
 23907 | D:15     | Reached skill level 6 in Shields
 23995 | D:15     | your +7 spectral quick blade {shortrare=g} hits the orc
                  | warrior but does no damage.
 23996 | D:15     | your +7 spectral quick blade {shortrare=g} completely
                  | misses the orc warrior.
 23997 | D:15     | your +7 spectral quick blade {shortrare=g} hits the orc
                  | warrior.
 23997 | D:15     | the warg bites your +7 spectral quick blade {shortrare=g}.
 23997 | D:15     | the orc warrior misses your +7 spectral quick blade
                  | {shortrare=g}.
 24002 | D:15     | your +7 spectral quick blade {shortrare=g} hits the warg!
 24165 | D:15     | Found Pialidwo's Magic Scroll Boutique.
 24175 | D:15     | Bought a scroll of enchant armour for 90 gold pieces
 24548 | Spider:1 | Entered Level 1 of the Spider Nest
 24583 | Spider:1 | your +7 spectral quick blade {shortrare=g} is covered with
                  | a thin layer of ice!
 24583 | Spider:1 | a - a +7 quick blade of freezing (weapon) {shortrare=g}
 24702 | Spider:1 | Reached skill level 7 in Shields
 24762 | Spider:1 | You pick up a book of Vapours and begin reading...
 24762 | Spider:1 | You add the spells Poisonous Vapours and Corpse Rot to your
                  | library.
 24836 | Spider:1 | You pick up a book of Unlife and begin reading...
 24836 | Spider:1 | You add the spells Animate Dead and Death Channel to your
                  | library.
 25247 | Spider:1 | Identified the +3 cloak "Padiodetekh" {Fly Int-5 Stlth+}
 25530 | Spider:2 | Reached skill level 8 in Shields
 25576 | Spider:2 | your +7 quick blade of freezing {shortrare=g} drips with
                  | poison.
 25576 | Spider:2 | a - a +7 quick blade of venom (weapon) {shortrare=g}
 25662 | Spider:2 | Noticed Nikola
 25676 | Spider:2 | Killed Nikola
 25702 | Spider:2 | Reached skill level 9 in Shields
 26106 | Spider:2 | Noticed Jorgrun
 26123 | Spider:2 | Reached skill level 10 in Shields
 26221 | Spider:2 | Killed Jorgrun
 26737 | Spider:2 | Reached skill level 11 in Shields
 26750 | Spider:2 | You pick up a book of the Wilderness and begin reading...
 26750 | Spider:2 | You add the spells Summon Mana Viper and Summon Cactus
                  | Giant to your library.
 26983 | Spider:3 | Reached XP level 17. HP: 87/87 MP: 24/24
 27270 | Spider:3 | Reached skill level 12 in Shields
 27338 | Spider:3 | You add the spells Summon Lightning Spire, Petrify and
                  | Yara's Violent Unravelling to your library.
 27338 | Spider:3 | Got the Grimoire of Unstable Weightlessness
 27885 | Spider:4 | Entered Level 4 of the Spider Nest
 28227 | Spider:4 | HP: 21/87 [meliai/divine providence (7)]
 28229 | Spider:4 | Reached skill level 13 in Shields
 28372 | Spider:4 | Noticed Arachne
 28386 | Spider:4 | Killed Arachne
 28415 | Spider:4 | Reached skill level 14 in Shields
 28648 | Spider:4 | Got a gossamer rune of Zot
 28812 | Spider:4 | Found a runed translucent gate.
 28812 | Spider:4 | Found a runed translucent gate.
 28813 | Spider:4 | Found a runed translucent gate.
 28816 | Spider:4 | Noticed testman's ghost (adept TrBe)
 28816 | Spider:4 | Noticed Eringya's ghost (adept OpCj)
 29347 | Elf:1    | Entered Level 1 of the Elven Halls
 29468 | Elf:1    | HP: 21/87 [+4 vorpal war axe (2)]
 29473 | Elf:1    | HP: 16/87 [deep elf pyromancer/bolt of fire (1)]
 29482 | Elf:1    | HP: 19/87 [fire elemental[a deep elf pyromancer] (1)]
 29572 | Elf:1    | You pick up a book of Geomancy and begin reading...
 29572 | Elf:1    | You add the spells Sandblast, Passwall and Stone Arrow to
                  | your library.
 29619 | Elf:1    | Reached skill level 15 in Shields
 29682 | Elf:1    | Got the Reference Book on Conjuration {@e2}
 30136 | Elf:1    | Reached XP level 18. HP: 92/92 MP: 25/25
 30224 | Elf:1    | Reached skill level 15 in Fighting
 30245 | Elf:1    | Identified the +1 leather armour of the Ecumenical Temple
                  | {rPois Will++ Str+4 Dex-4}
 30392 | Elf:1    | Acquired 947 gold pieces
 30900 | Elf:2    | Noticed Asterion
 30929 | Elf:2    | Killed Asterion
 30940 | Elf:2    | Paralysed by an air elemental for 1 turns
 30954 | Elf:2    | Reached skill level 16 in Fighting
 31046 | Elf:2    | You pick up a book of Fire and begin reading...
 31046 | Elf:2    | You add the spells Fireball, Starburst and Ignition to your
                  | library.
 31181 | Elf:2    | Paralysed by an air elemental for 1 turns
 31227 | Elf:2    | Reached skill level 5 in Spellcasting
 31590 | Elf:2    | Reached skill level 6 in Spellcasting
 31597 | Elf:2    | Found a runed translucent gate.
 31597 | Elf:2    | Found a runed translucent gate.
 31597 | Elf:2    | Found a runed translucent gate.
 31664 | Elf:3    | Entered Level 3 of the Elven Halls
 31912 | Elf:3    | Reached skill level 7 in Spellcasting
 31976 | Elf:3    | Noticed a deep elf master archer
 31994 | Elf:3    | Noticed a deep elf blademaster
 32005 | Elf:3    | Killed a deep elf master archer
 32010 | Elf:3    | Identified the ring of Binwihu {Will++ rCorr Str+2 Dex+5}
 32013 | Elf:3    | HP: 19/94 [deep elf blademaster/+0 short sword (15)]
 32014 | Elf:3    | Killed a deep elf blademaster
 32015 | Elf:3    | Reached skill level 8 in Spellcasting
 32018 | Elf:3    | HP: 6/94 [+4 dire flail of protection (15)]
 32023 | Elf:3    | Shot with an arrow by a deep elf archer

Vanquished Creatures
  Nikola (Spider:2)
  Jorgrun (Spider:2)
  A deep elf blademaster (Elf:3)
  Asterion (Elf:2)
  A deep elf master archer (Elf:3)
  A deep elf sorcerer (Elf:3)
  An ironbound preserver (D:14)
  7 broodmothers
  2 entropy weavers
  3 deep elf annihilators
  2 spark wasps
  A minotaur (Gauntlet)
  3 ettins
  A deep elf high priest (Elf:3)
  The ghost of Jappaos the Basher, a journeyman GnWn of Qazlal (D:14)
  A jorogumo (Spider:3)
  2 boulder beetles
  2 centaur warriors
  7 hydras
  A catoblepas (Lair:6)
  6 death yaks (Lair:6)
  Erica (D:10)
  8 dancing weapons
  11 two-headed ogres
  A deep troll shaman (Lair:6)
  A tengu warrior (D:15)
  Urug (Orc:1)
  5 orc high priests
  Nergalle (Orc:1)
  11 deep elf knights
  A fire crab (Volcano)
  A wretched star (Gauntlet)
  10 pharaoh ants
  The ghost of YayAnonymity the Blocker, a novice GnFi of Okawaru (D:8)
  Sonja (D:13)
  3 sun moths
  7 skeletal warriors
  6 steelbarb worms
  2 deep trolls
  10 orb spiders
  An obsidian statue (D:9)
  2 lindwurms
  11 deep elf archers
  25 deep elf pyromancers
  A necromancer (D:15)
  3 orc knights
  A wizard (D:15)
  27 deep elf zephyrmancers
  5 orc sorcerers
  18 wolf spiders
  6 manticores
  5 ugly things
  An oklob plant (D:8)
  4 moths of wrath
  4 merfolk sirens (Lair:4)
  11 elephants
  A black mamba (Lair:6)
  Maurice (D:10)
  4 cyclopes
  2 molten gargoyles (Volcano)
  10 cane toads
  6 rime drakes
  An efreet (D:15)
  A torpor snail (Spider:2)
  4 unseen horrors
  10 demonic crawlers
  5 komodo dragons
  A tengu conjurer (D:14)
  A meliai (Spider:4)
  4 polar bears
  4 trolls
  2 hornets
  17 blink frogs
  Grinder (D:3)
  24 tarantellas
  2 small abominations (Gauntlet)
  16 jumping spiders
  2 dream sheep (Lair:4)
  9 slime creatures
  A wraith (D:13)
  A shadow (D:10)
  16 culicivoras
  An air elemental (Elf:2)
  5 water elementals
  7 fire bats (Volcano)
  Eustachio (D:4)
  36 yaks
  A neqoxec (Gauntlet)
  2 wyverns
  12 vampire mosquitoes
  3 fire elementals
  A death yak simulacrum (Lair:2)
  33 redbacks
  A basilisk (D:14)
  A steam dragon (Volcano)
  12 water moccasins
  3 wargs
  3 acid dragons
  25 orc warriors
  2 hexers
  3 black bears
  20 wolves
  5 ogres
  3 phantoms
  8 centaurs
  A kobold brigand (D:7)
  3 gnoll sergeants
  3 scorpions
  16 bullfrogs
  An earth elemental (Elf:1)
  7 wights
  3 electric eels (D:14)
  5 howler monkeys
  3 lava snakes (Volcano)
  4 jellies
  3 hounds
  36 orc priests
  2 gnoll shamans
  4 iguanas
  19 orc wizards
  4 hell rats (Lair:6)
  2 polar bear simulacra (Lair:2)
  24 gnolls
  10 adders
  A shadow imp (D:6)
  2 white imps (D:7)
  3 ufetubi
  3 dart slugs
  3 worms
  80 orcs
  20 ball pythons
  6 bats
  10 endoplasms
  A giant cockroach (D:1)
  9 goblins
  10 hobgoblins
  4 quokkas
  A frilled lizard (D:3)
  12 kobolds
  4 rats
906 creatures vanquished.

Vanquished Creatures (collateral kills)
  An emperor scorpion (Spider:4)
  A ghost moth (Spider:3)
  A deep elf elementalist (Elf:3)
  A quicksilver ooze (Gauntlet)
  A deep elf death mage (Elf:3)
  A boulder beetle (D:12)
  An ogre mage (D:15)
  A jorogumo (Spider:2)
  2 two-headed ogres
  A pharaoh ant (Spider:4)
  A skeletal warrior (D:11)
  An orb spider (Spider:4)
  3 deep elf archers
  2 deep elf zephyrmancers
  A deep elf pyromancer (Elf:2)
  An ugly thing (D:15)
  A wolf spider (Spider:4)
  A black mamba (Lair:5)
  A cane toad (Lair:1)
  A meliai (Spider:4)
  A tarantella (Spider:4)
  2 dream sheep (Lair:4)
  2 blink frogs (Lair:1)
  3 culicivoras
  5 jumping spiders
  An air elemental (Elf:2)
  A wraith (D:11)
  A shadow (D:11)
  5 yaks
  A vampire mosquito (D:11)
  2 redbacks (Spider:4)
  A water moccasin (Lair:1)
  2 black bears (Lair:6)
  A kobold brigand (D:9)
  A bullfrog (D:8)
  A scorpion (D:8)
  An oklob sapling (D:8)
  A lava snake (Volcano)
  4 orc priests
  An orc wizard (D:10)
  2 hell rats (Lair:6)
  6 orcs
  3 kobolds (D:9)
72 creatures vanquished.

Vanquished Creatures (others)
  Arachne (Spider:4)
  A steam dragon (Volcano)
  3 ancestors
  13 hexers
  A demonic plant (Gauntlet)
  11 fungi
  27 plants
57 creatures vanquished.

Grand Total: 1035 creatures vanquished

Table legend:
 A = Non-vault XP
 B = Vault XP
 C = Vault XP percentage of total XP
 D = Non-vault monster count
 E = Vault monster count
 F = Vault count percentage of total count
                 A         B        C        D         E       F
            +---------+---------+-------+---------+---------+-------
      Total |  188970 |  101675 |  35.0 |     721 |     257 |  26.3
            +---------+---------+-------+---------+---------+-------
        D:1 |      31 |       0 |   0.0 |      17 |       0 |   0.0
        D:2 |      65 |       6 |   8.5 |      21 |       4 |  16.0
        D:3 |     119 |     277 |  69.9 |      20 |       5 |  20.0
        D:4 |     358 |     265 |  42.5 |      18 |       8 |  30.8
        D:5 |     714 |       0 |   0.0 |      19 |       0 |   0.0
        D:6 |    2175 |       0 |   0.0 |      32 |       0 |   0.0
        D:7 |    1183 |       0 |   0.0 |      33 |       0 |   0.0
        D:8 |    1396 |    1976 |  58.6 |      18 |      17 |  48.6
        D:9 |    1107 |    1525 |  57.9 |      18 |       8 |  30.8
       D:10 |    3702 |    1540 |  29.4 |      14 |      16 |  53.3
       D:11 |    6471 |       0 |   0.0 |      27 |       0 |   0.0
       D:12 |    5590 |       0 |   0.0 |      13 |       0 |   0.0
       D:13 |    6204 |     762 |  10.9 |      13 |       1 |   7.1
       D:14 |    5770 |   10099 |  63.6 |      23 |      17 |  42.5
       D:15 |   11232 |    4339 |  27.9 |      21 |       6 |  22.2
     Lair:1 |    8349 |       0 |   0.0 |      36 |       0 |   0.0
     Lair:2 |    5014 |     255 |   4.8 |      17 |       3 |  15.0
     Lair:3 |    2193 |    1037 |  32.1 |       8 |       5 |  38.5
     Lair:4 |    9858 |    2116 |  17.7 |      31 |       5 |  13.9
     Lair:5 |    2375 |    2017 |  45.9 |      11 |       4 |  26.7
     Lair:6 |    4374 |    9814 |  69.2 |      21 |      19 |  47.5
   Spider:1 |    7682 |       0 |   0.0 |      23 |       0 |   0.0
   Spider:2 |   25292 |    4346 |  14.7 |      66 |       2 |   2.9
   Spider:3 |   17464 |       0 |   0.0 |      35 |       0 |   0.0
   Spider:4 |    7148 |   22814 |  76.1 |      15 |      43 |  74.1
      Orc:1 |    1051 |    1598 |  60.3 |      28 |       2 |   6.7
      Orc:2 |    4677 |    5370 |  53.4 |      44 |      37 |  45.7
      Elf:1 |   21053 |   11354 |  35.0 |      34 |      18 |  34.6
      Elf:2 |   19122 |    3360 |  14.9 |      34 |       3 |   8.1
      Elf:3 |    7201 |    8367 |  53.7 |      11 |       7 |  38.9
    Volcano |       0 |    4125 | 100.0 |       0 |      17 | 100.0
   Gauntlet |       0 |    4313 | 100.0 |       0 |      10 | 100.0
            +---------+---------+-------+---------+---------+-------

Illustrated notes

Table legend:
 A = Kills in this place as a percentage of kills in entire the game.
 B = Kills by you in this place as a percentage of kills by you in the entire game.
 C = Kills by friends in this place as a percentage of kills by friends in the entire game.
 D = Other kills in this place as a percentage of other kills in the entire game.
 E = Experience gained in this place as a percentage of experience gained in the entire game.
 F = Experience gained in this place divided by the number of levels of this place that you have seen.
                   A       B       C       D       E      F
               +-------+-------+-------+-------+-------+----------------------
         Total | 100.0 | 100.0 | 100.0 | 100.0 | 100.0 | 8807.4
       Dungeon |  39.8 |  40.4 |  33.3 |   0.0 |  23.0 | 4460.4
          Lair |  16.4 |  16.1 |  20.8 |   0.0 |  16.3 | 7900.3
   Spider Nest |  18.8 |  18.3 |  25.0 |  33.3 |  29.2 | 21186.5
  Orcish Mines |  11.3 |  11.7 |   5.6 |  33.3 |   4.4 | 6348.0
   Elven Halls |  10.9 |  10.9 |  12.5 |   0.0 |  24.2 | 23485.7
       Volcano |   1.7 |   1.7 |   1.4 |  33.3 |   1.4 | 4125.0
      Gauntlet |   1.0 |   1.0 |   1.4 |   0.0 |   1.5 | 4313.0
               +-------+-------+-------+-------+-------+----------------------

Table legend: (Time is in decaauts)
 A = Elapsed time spent in this place.
 B = Non-inter-level travel time spent in this place.
 C = Inter-level travel time spent in this place.
 D = Time resting spent in this place.
 E = Time spent auto-exploring this place.
 F = Levels seen in this place.
 G = Mean time per level.
                   A        B        C        D        E       F      G
               +--------+--------+--------+--------+--------+-----+--------+
         Total |  31025 |  28646 |   2379 |   2564 |  18668 |  33 |  940.2 |
       Dungeon |  16121 |  14912 |   1209 |   1034 |  10112 |  15 | 1074.7 |
        Temple |     64 |     56 |      8 |      0 |     35 |   1 |   64.0 |
          Lair |   5741 |   5030 |    711 |    175 |   3952 |   6 |  956.8 |
   Spider Nest |   4452 |   4152 |    300 |    682 |   2588 |   4 | 1113.0 |
  Orcish Mines |   1354 |   1279 |     75 |    123 |    683 |   2 |  677.0 |
   Elven Halls |   2573 |   2499 |     74 |    506 |   1295 |   3 |  857.7 |
       Volcano |    309 |    309 |      0 |      5 |      0 |   1 |  309.0 |
      Gauntlet |    407 |    407 |      0 |     38 |      1 |   1 |  407.0 |
               +--------+--------+--------+--------+--------+-----+--------+

Top non-repeatable levels by time:
     D:8: 1779 daAuts
     D:9: 1592 daAuts
    D:10: 1522 daAuts
   Elf:1: 1422 daAuts
Spider:2: 1326 daAuts
  Lair:6: 1239 daAuts
     D:1: 1214 daAuts
     D:6: 1154 daAuts
Spider:4: 1133 daAuts
     D:4: 1090 daAuts
     D:7: 1051 daAuts
  Lair:1: 1042 daAuts
    D:14: 1035 daAuts
  Lair:4: 1012 daAuts
Spider:3: 1001 daAuts
